 Dungeon Crawl Stone Soup version 0.30.0 (webtiles) character file.

Game seed: 16266604071320581419

1046344 PurpleRed the Archmage (level 27, -14/273 HPs)
             Began as a Meteoran Conjurer on May 13, 2023.
             Was the Champion of Vehumet.
             Killed from afar by Puhaoma the pandemonium lord (55 damage)
             ... with an arc of chain lightning
             ... on level 24 of a ziggurat.
             The game lasted 05:43:49 (27141 turns).

PurpleRed the Archmage (Meteoran Conjurer)         Turns: 27141, Time: 05:43:49

Health: -14/273    AC: 25    Str: 19    XL:     27
Magic:  70/73      EV: 26    Int: 39    God:    Vehumet [******]
Gold:   7005       SH:  5    Dex: 14    Spells: 0/80 levels left

rFire   + . .        c - staff of conjuration "Boegieh" {rElec Will++ SInv}
rCold   + + +        C - sphere of Battle
rNeg    + . .        G - +2 robe {Archmagi}
rPois   .            q - +0 helmet of Starshine {*Slow rC++ rN+ Int+5}
rElec   +            A - +2 cloak of Afargheb {MP+9 Str+3 Dex+4}
rCorr   +            K - +1 pair of gloves "Jasul" {+Blink rCorr Int+3 Dex-4}
SInv    +            S - +3 pair of mountain boots {steadfast, rC+}
Will    +++++        V - amulet "Inu Geve" {Reflect Int+3 SH+5}
Stlth   +            Z - ring "Qyiso" {+Blink Fly rC+ AC+4 Str-2}
HPRegen 0.65/turn    L - ring "Qydecluo" {rF+ rCorr MP+9 Str+2}
MPRegen 0.43/turn

%: slow self (1%), reflection, archmagi
@: flying, slowed, glowing, studying 5 skills, silenced, very slow
A: sense surroundings 3, otherworldly, glowing, explore regen, mutation
resistance 1
}: 4/15 runes: decaying, slimy, silver, gossamer
a: Renounce Religion, Evoke Blink


You were on level 24 of a ziggurat.
You worshipped Vehumet.
Vehumet was exalted by your worship.
You visited 11 branches of the dungeon, and saw 53 of its levels.
You visited 3 ziggurats (completing 2), and saw 78 of their levels.
You also visited: Trove.

You collected 8637 gold pieces.
You spent 1632 gold pieces at shops.

Inventory:

Hand Weapons
 g - the +8 autumn katana {manifold assault}
   (You found it on level 24 of a ziggurat)
 D - the +8 mithril axe "Arga" {speed, Will+}
   (You found it on level 23 of a ziggurat)

   Will:      It increases your willpower.
 O - the +8 storm bow {elec, penet}
   (You found it on level 14 of a ziggurat)
 W - the +16 obsidian axe {drain, demonic, Mesm Drain Fly SInv}
   (You found it on level 19 of a ziggurat)

   Mesm:      Its wielder is mesmerised by any visible foes, and it cannot be
   unequipped while any foes are visible.
   SInv:      It lets you see invisible.
   Fly:       It grants you flight.
   Drain:     It drains your maximum health when unequipped.
 X - the +9 staff of Olgreb {rPois∞}
   (You found it on level 23 of a ziggurat)

   It enhances your poison magic.
   It grants immunity to poison.
   It can be activated via the 'a'bility menu to radiate toxic energy, with
   effectiveness depending on Evocations skill.
Missiles
 p - 57 silver javelins
Armour
 q - the +0 helmet of Starshine (worn) {*Slow rC++ rN+ Int+5}
   (You found it on level 25 of a ziggurat)

   Int:       It affects your intelligence (+5).
   rC:        It greatly protects you from cold.
   rN:        It protects you from negative energy.
   *Slow:     It may slow you when you take damage.
 A - the +2 cloak of Afargheb (worn) {MP+9 Str+3 Dex+4}
   (You found it on level 12 of a ziggurat)

   Str:       It affects your strength (+3).
   Dex:       It affects your dexterity (+4).
   MP:        It affects your magic capacity (+9).
 C - the sphere of Battle (worn)
   (You found it on level 16 of a ziggurat)

   It enhances your destructive magic.
   It weakens your non-destructive magic.
   It summons a battlesphere in combat, with strength depending on Conjurations
   skill.
 F - an orb of energy
 G - a +2 robe of the Archmagi (worn)
 K - the +1 pair of gloves "Jasul" (worn) {+Blink rCorr Int+3 Dex-4}
   (You found it on level 6 of a ziggurat)

   Int:       It affects your intelligence (+3).
   Dex:       It affects your dexterity (-4).
   +Blink:    It lets you blink.
   rCorr:     It protects you from acid and corrosion.
 Q - the +1 robe of Agoraphobia {*Corrode Fly rC++ Regen+}
   (You found it on level 5 of the Pits of Slime)

   rC:        It greatly protects you from cold.
   Fly:       It grants you flight.
   Regen:     It increases your rate of health regeneration.
   *Corrode:  It may corrode you when you take damage.
 S - the +3 pair of mountain boots (worn) {steadfast, rC+}
   (You acquired it on level 23 of a ziggurat)

   Steadfast: It prevents involuntary movement, except for blinking,
   teleportation, or banishment.
   rC:        It protects you from cold.
 U - the +0 pair of boots of Sunlight {rPois rF+ Str+2 Dex+5}
   (You found it on level 22 of a ziggurat)

   Str:       It affects your strength (+2).
   Dex:       It affects your dexterity (+5).
   rF:        It protects you from fire.
   rPois:     It protects you from poison.
Magical Staves
 c - the staff of conjuration "Boegieh" (weapon) {rElec Will++ SInv}
   (You found it on level 13 of a ziggurat)

   [staff of conjuration]

   Base accuracy: +5 Base damage: 5 Base attack delay: 1.2 This weapon's minimum
   attack delay (0.6) is reached at skill level 12.
   rElec:     It insulates you from electricity.
   SInv:      It lets you see invisible.
   Will:      It greatly increases your willpower.
   It falls into the 'Staves' category.
   It is a one-handed weapon.
 k - the staff of earth "Qadelis" {Int+5}
   (You found it on level 21 of a ziggurat)

   [staff of earth]

   Base accuracy: +5 Base damage: 5 Base attack delay: 1.2 This weapon's minimum
   attack delay (0.6) is reached at skill level 12.
   Int:       It affects your intelligence (+5).
   It falls into the 'Staves' category.
   It is a one-handed weapon.
 l - the staff of fire "Bakhlaq" {rF+ rC+ rN++ rCorr Dex-3}
   (You found it on level 20 of a ziggurat)

   [staff of fire]

   Base accuracy: +5 Base damage: 5 Base attack delay: 1.2 This weapon's minimum
   attack delay (0.6) is reached at skill level 12.
   Dex:       It affects your dexterity (-3).
   rF:        It protects you from fire.
   rC:        It protects you from cold.
   rN:        It greatly protects you from negative energy.
   rCorr:     It protects you from acid and corrosion.
   It falls into the 'Staves' category.
   It is a one-handed weapon.
 H - the staff of conjuration "Diecvog" {Will++ Int+5}
   (You found it on level 16 of a ziggurat)

   [staff of conjuration]

   Base accuracy: +5 Base damage: 5 Base attack delay: 1.2 This weapon's minimum
   attack delay (0.6) is reached at skill level 12.
   Int:       It affects your intelligence (+5).
   Will:      It greatly increases your willpower.
   It falls into the 'Staves' category.
   It is a one-handed weapon.
Jewellery
 o - the amulet of the Four Winds {rN+ Will+++ Clar}
   (You found it on level 21 of a ziggurat)

   [amulet of nothing]

   rN:        It protects you from negative energy.
   Clar:      It protects you from confusion, rage, mesmerisation and fear.
   Will:      It greatly increases your willpower.
 t - the ring of the Mage {Wiz Archmagi}
   (You found it on level 21 of a ziggurat)

   [ring of wizardry]

   It improves your spell success rate.
   Archmagi:  It increases the power of your magical spells.
 u - the amulet "Teihuukh" {Harm Will- Regen+ Int+6}
   (You found it on level 23 of a ziggurat)

   [amulet of regeneration]

   Int:       It affects your intelligence (+6).
   Regen:     It increases your rate of health regeneration.
   Harm:      It increases damage dealt and taken.
   Will:      It decreases your willpower.
 v - the ring "Luori" {rN+ Will+ MP+9}
   (You found it on level 18 of a ziggurat)

   [ring of magical power]

   rN:        It protects you from negative energy.
   MP:        It affects your magic capacity (+9).
   Will:      It increases your willpower.
 I - an amulet of the Cuttlefish {RegenMP Harm rPois Will- Int+5}
   (You found it on level 10 of a ziggurat)

   [amulet of magic regeneration]

   It increases your rate of magic regeneration.
   Int:       It affects your intelligence (+5).
   rPois:     It protects you from poison.
   Harm:      It increases damage dealt and taken.
   Will:      It decreases your willpower.
 L - the ring "Qydecluo" (right hand) {rF+ rCorr MP+9 Str+2}
   (You found it on level 21 of a ziggurat)

   [ring of magical power]

   Str:       It affects your strength (+2).
   rF:        It protects you from fire.
   MP:        It affects your magic capacity (+9).
   rCorr:     It protects you from acid and corrosion.
 V - the amulet "Inu Geve" (around neck) {Reflect Int+3 SH+5}
   (You found it on level 11 of a ziggurat)

   [amulet of reflection]

   It reflects blocked missile attacks.
   Int:       It affects your intelligence (+3).
   SH:        It affects your SH (+5).
 Z - the ring "Qyiso" (left hand) {+Blink Fly rC+ AC+4 Str-2}
   (You found it on level 19 of a ziggurat)

   [ring of protection]

   AC:        It affects your AC (+4).
   Str:       It affects your strength (-2).
   rC:        It protects you from cold.
   Fly:       It grants you flight.
   +Blink:    It lets you blink.
Wands
 R - a wand of iceblast (153)
 T - a wand of acid (112)
 Y - a wand of digging (99)
Scrolls
 a - 26 scrolls of enchant armour
 f - 31 scrolls of enchant weapon
 j - 68 scrolls of teleportation
 m - 25 scrolls of blinking
 n - 2 scrolls of summoning
 r - 19 scrolls of magic mapping
 y - 22 scrolls of immolation
 B - 42 scrolls of fog
 M - 16 scrolls of silence
 N - 22 scrolls of amnesia
Potions
 b - 9 potions of magic
 d - 3 potions of heal wounds
 e - 16 potions of lignification
 h - 10 potions of ambrosia
 i - 9 potions of brilliance
 s - 56 potions of mutation
 w - 18 potions of haste
 x - 11 potions of might
 z - 18 potions of curing
 E - 13 potions of cancellation
 J - 2 potions of resistance
 P - 5 potions of flight


   Skills:
 O Level 27 Fighting
 O Level 27 Ranged Weapons
 O Level 27 Armour
 O Level 27 Dodging
 - Level 1.4 Stealth
 O Level 27 Shields
 O Level 27 Spellcasting
 O Level 27 Conjurations
 - Level 3.0 Hexes
 - Level 4.0 Summonings
 + Level 26.3 Necromancy
 - Level 3.0 Translocations
 - Level 16.0 Transmutations
 + Level 23.9 Fire Magic
 - Level 24.0 Ice Magic
 O Level 27 Air Magic
 O Level 27 Earth Magic
 * Level 3.4 Evocations


You couldn't memorise any spells.
You knew the following spells:

 Your Spells              Type           Power      Damage    Failure   Level
a - Iron Shot             Conj/Erth      100%       9d18      0%          6
b - Ignition              Fire           88%        3d23      1%          8
c - Polar Vortex          Ice            88%        N/A       1%          9
d - Iskenderun's Mystic   Conj/Tloc      100%       2d19      0%          4
e - Fire Storm            Conj/Fire      100%       8d25      1%          9
f - Chain Lightning       Conj/Air       100%       3d133     1%          9
g - Ozocubu's Refrigerat  Ice            88%        4d27      0%          7
h - Death's Door          Necr           65%        N/A       1%          9
s - Shatter               Erth           92%        3d66*     1%          9
t - Necromutation         Tmut/Necr      60%        N/A       1%          8
x - Sublimation of Blood  Necr           100%       N/A       0%          2

Your spell library contained the following spells:

 Spells                   Type           Power      Damage    Failure   Level
 Beastly Appendage        Tmut           100%       N/A       0%          1
 Foxfire                  Conj/Fire      100%       2x1d9     0%          1
 Freeze                   Ice            100%       1d10      0%          1
 Kiss of Death            Conj/Necr      100%       2d13      0%          1
 Magic Dart               Conj           100%       1d8       0%          1
 Necrotise                Necr           100%       1d9       0%          1
 Sandblast                Erth           100%       2d20      0%          1
 Shock                    Conj/Air       100%       1d9       0%          1
 Sting                    Tmut/Pois      100%       1d8       0%          1
 Cigotuvi's Dreadful Rot  Necr/Pois/Air  100%       N/A       0%          2
 Ensorcelled Hibernation  Hex/Ice        100%       N/A       0%          2
 Momentum Strike          Conj/Tloc      100%       3d10      0%          2
 Passwall                 Tmut/Erth      100%       N/A       0%          2
 Poisonous Vapours        Pois/Air       100%       N/A       0%          2
 Scorch                   Fire           100%       2d9       0%          2
 Searing Ray              Conj           100%       2d8       0%          2
 Static Discharge         Conj/Air       100%       2-7/arc   0%          2
 Wereblood                Tmut           100%       N/A       0%          2
 Dazzling Flash           Conj/Hex       100%       N/A       0%          3
 Frozen Ramparts          Ice            100%       1d16      0%          3
 Hailstorm                Conj/Ice       100%       3d20      0%          3
 Ignite Poison            Fire/Tmut/Pois 100%       N/A       0%          3
 Inner Flame              Hex/Fire       100%       N/A       0%          3
 Mephitic Cloud           Conj/Pois/Air  100%       N/A       0%          3
 Ozocubu's Armour         Ice            100%       N/A       0%          3
 Stone Arrow              Conj/Erth      100%       3d13      0%          3
 Swiftness                Air            100%       N/A       0%          3
 Vampiric Draining        Necr           100%       2d13      0%          3
 Vhi's Electric Charge    Tloc/Air       100%       N/A       0%          3
 Volatile Blastmotes      Fire/Tloc      100%       2d18      0%          3
 Airstrike                Air            92%        2d(14-30) 0%          4
 Anguish                  Hex/Necr       52%        N/A       0%          4
 Animate Armour           Summ/Erth      100%       N/A       0%          4
 Animate Dead             Necr           100%       N/A       0%          4
 Dispel Undead            Necr           100%       3d31      0%          4
 Flame Wave               Conj/Fire      100%       2d21      0%          4
 Fulminant Prism          Conj/Hex       90%        3d37      0%          4
 Ice Form                 Ice/Tmut       100%       N/A       0%          4
 Leda's Liquefaction      Hex/Erth       53%        N/A       0%          4
 Petrify                  Tmut/Erth      100%       N/A       0%          4
 Sticky Flame             Conj/Fire      100%       2d11      0%          4
 Summon Ice Beast         Ice/Summ       100%       N/A       0%          4
 Summon Lightning Spire   Summ/Air       100%       N/A       0%          4
 Agony                    Necr           100%       N/A       0%          5
 Arcjolt                  Conj/Air       100%       1d110     0%          5
 Blade Hands              Tmut           54%        N/A       0%          5
 Borgnjor's Vile Clutch   Necr/Erth      65%        N/A       0%          5
 Fireball                 Conj/Fire      100%       3d36      0%          5
 Freezing Cloud           Conj/Ice/Air   100%       6-21      0%          5
 Irradiate                Conj/Tmut      99%        3d44      0%          5
 Iskenderun's Battlesphe  Conj           100%       2d15      0%          5
 Lee's Rapid Deconstruct  Erth           92%        3d40*     0%          5
 Conjure Ball Lightning   Conj/Air       100%       3x3d38    0%          6
 Death Channel            Necr           65%        N/A       0%          6
 Plasma Beam              Fire/Air       90%        2x1d119   0%          6
 Simulacrum               Ice/Necr       64%        N/A       0%          6
 Starburst                Conj/Fire      100%       6d25      0%          6
 Statue Form              Tmut/Erth      80%        N/A       0%          6
 Orb of Destruction       Conj           100%       9d21      0%          7
 Apportation              Tloc           100%       N/A       1%          1
 Slow                     Hex            100%       N/A       1%          1
 Summon Small Mammal      Summ           100%       N/A       1%          1
 Blink                    Tloc           100%       N/A       1%          2
 Call Imp                 Summ           100%       N/A       1%          2
 Lesser Beckoning         Tloc           100%       N/A       1%          2
 Call Canine Familiar     Summ           71%        N/A       1%          3
 Confusing Touch          Hex            66%        N/A       1%          3
 Gell's Gravitas          Tloc           66%        N/A       1%          3
 Portal Projectile        Hex/Tloc       100%       N/A       1%          3
 Spider Form              Tmut/Pois      86%        N/A       1%          3
 Summon Guardian Golem    Hex/Summ       68%        N/A       1%          3
 Teleport Other           Tloc           66%        N/A       1%          3
 Tukima's Dance           Hex            66%        N/A       1%          3
 Cause Fear               Hex            33%        N/A       1%          4
 Manifold Assault         Tloc           66%        N/A       1%          4
 Olgreb's Toxic Radiance  Pois           87%        N/A       1%          4
 Passage of Golubria      Tloc           66%        N/A       1%          4
 Alistair's Intoxication  Tmut/Pois      57%        N/A       1%          5
 Metabolic Englaciation   Hex/Ice        51%        N/A       1%          5
 Silence                  Hex/Air        53%        N/A       1%          5
 Yara's Violent Unravell  Hex/Tmut       68%        3d25      1%          5
 Eringya's Noxious Bog    Tmut/Pois      65%        N/A       1%          6
 Dragon Form              Tmut           54%        N/A       1%          7
 Haunt                    Necr/Summ      53%        N/A       1%          7
 Spellforged Servitor     Conj/Summ      91%        N/A       1%          7
 Storm Form               Tmut/Air       60%        N/A       1%          7
 Borgnjor's Revivificati  Necr           65%        N/A       1%          8
 Infestation              Necr           65%        N/A       1%          8
 Lehudib's Crystal Spear  Conj/Erth      100%       10d22     1%          8
 Maxwell's Capacitive Co  Air            92%        ∞         1%          8
 Summon Forest            Summ/Tloc      34%        N/A       2%          5
 Summon Mana Viper        Hex/Summ       68%        N/A       2%          5
 Summon Cactus Giant      Summ           35%        N/A       10%         6
 Dispersal                Tloc           33%        N/A       14%         6
 Monstrous Menagerie      Summ           35%        N/A       47%         7
 Summon Hydra             Summ           35%        N/A       47%         7
 Malign Gateway           Summ/Tloc      34%        N/A       54%         7
 Enfeeble                 Hex            33%        N/A       63%         7
 Discord                  Hex            33%        N/A       99%         8
 Disjunction              Tloc           33%        N/A       99%         8
 Summon Horrible Things   Summ           35%        N/A       99%         8
 Dragon's Call            Summ           35%        N/A       100%        9


Dungeon Overview and Level Annotations

Branches:
Dungeon (15/15)            Temple (1/1) D:4            Lair (5/5) D:10
  Swamp (4/4) Lair:2       Spider (4/4) Lair:2        Slime (5/5) Lair:5
    Orc (2/2) D:11            Elf (3/3) Orc:2        Vaults (5/5) D:14
  Crypt (0/3) Vaults:2     Depths (4/4) D:15            Zot (5/5) Depths:4

Altars:
Ashenzari
Cheibriados
Dithmenos
Elyvilon
Fedhas
Gozag
Hepliaklqana
Kikubaaqudgha
Makhleb
Nemelex Xobeh
Okawaru
Qazlal
Ru
Sif Muna
Trog
Uskayaw
Vehumet
Wu Jian
Xom
Yredelemnul
Zin
The Shining One
Jiyva
Lugonu

Shops:
D:2 ?   D:10 :   Orc:2 =:(?:   Vaults:3 ?   Vaults:4 (   Vaults:5 :
Depths:1 *

Portals:
Hell: Depths:1 Depths:3 Depths:4
Abyss: Lair:5 Depths:1 Depths:2 Depths:3 Depths:4
Pandemonium: Depths:2 Depths:3 Depths:4
Sewer: D:6

Annotations:
D:13 3 runed translucent doors, aor's ghost, journeyman SpEn
D:15 Roxanne
Spider:2 2 runed translucent doors, iishen's ghost, adept CeHu


Innate Abilities, Weirdness & Mutations

You passively map a large area around you.
You are easily found by Zot.
You glow in the dark.
You regain HP and MP as you explore.
You are somewhat resistant to further mutation.


Message History

You block the freezing wraith's attack.
The freezing wraith completely misses you.
Unknown command.
You feel much better.
You feel yourself slow down. Puhaoma gestures at you.
You barely resist.
The freezing wraith hits you but does no damage.
You block the freezing wraith's attack. The freezing wraith hits you!
* * * LOW HITPOINT WARNING * * *
The freezing wraith freezes you. You resist.
* * * LOW HITPOINT WARNING * * *
The freezing wraith completely misses you.
Sioqeyk snaps closed at you but does no damage.
Space warps horribly around you!
* * * LOW HITPOINT WARNING * * *
Puhaoma gestures at you.
You barely resist.
Unknown command.
Okay, then.
Magic scrolls do not work when you're silenced!
Unknown command.
You feel much better.
Puhaoma gestures.
Puhaoma's surroundings become eerily quiet.
The freezing wraith completely misses you.
The freezing wraith hits you.
* * * LOW HITPOINT WARNING * * *
The freezing wraith drains your vigour!
You feel as though you will be slow longer.
Puhaoma gestures.
Lightning arcs from Puhaoma's claws!
The bolt of lightning hits the freezing wraith!!!!
The freezing wraith is destroyed!
The freezing wraith disappears in a puff of smoke!
A bolt of lightning appears from out of thin air!
The bolt of lightning hits Kadoaguol!!
Kadoaguol resists.
The bolt of lightning hits Puhaoma.
Puhaoma resists.
The bolt of lightning hits you!!! You resist.
You die...

, ......* , ......
..........▓▓▓▓▓▓▓▓▓▓▓▓▓
......................▓
......................▓
......................▓
........(.............▓
................W.....▓
°&............§&@.....▓
........(......&&....∩▓
vv.............*......▓
......................▓
......................▓
v.....................▓
.............(........▓
......................▓
..........▓▓▓▓▓▓▓▓▓▓▓▓▓


You could see Kadoaguol (silencing, unsilenced), Puhaoma (silencing, unsilenced,
distracted), Sioqeyk, a freezing wraith (summoned) and a friendly battlesphere.

Vanquished Creatures
  The ghost of Vuopse the Conqueror, a legendary GnIE of Ashenzari (Zig:24)
  the Royal Jelly (Slime:5)
  The ghost of Motirgh the Ruinous, a legendary DgHW (Zig:24)
  The ghost of Marixus the Axe Maniac, a legendary DDFi of Cheibriados (Zig:24)
  The ghost of Marixus the Axe Maniac, a legendary DDFi of Cheibriados (Zig:24)
  4 ancient liches
  11 dread liches
  The ghost of GlasyaLabolas the Conqueror, a legendary MiFi of Dithmenos (Zig:24)
  The ghost of Xatwola the Axe Maniac, a legendary DDFi of Makhleb (Zig:24)
  The ghost of Xatwola the Axe Maniac, a legendary DDFi of Makhleb (Zig:24)
  An orb of fire (Zot:1)
  The ghost of Qeilemp the Conqueror, a legendary HOFi of Beogh (Zig:24)
  The ghost of Becvyf the Gnoll Aeon, a legendary GnFi of Cheibriados (Zig:24)
  19 pandemonium lords
  The ghost of Fueng the Bringer of Law, a legendary HOFi of Zin (Zig:24)
  The ghost of Kalug the Executioner, a legendary DrFi of Cheibriados (Zig:24)
  The ghost of Qupubruts the Slayer, a master HOFi of Okawaru (Zig:24)
  22 juggernauts
  20 royal mummies
  The ghost of Rirumasy the Octopoid Blade, a legendary OpWn of Gozag (Zig:24)
  Vv (Zot:2)
  Boris (Vaults:5)
  14 Killer Klowns
  the Lernaean hydra (Swamp:4)
  17 shard shrikes
  Bai Suzhen (Vaults:5)
  The ghost of yaoilover the Conqueror, a veteran MiBe of Trog (Zig:24)
  The ghost of WeeknightWizard the Sorcerer, a veteran DEFE of Vehumet (Zig:24)
  4 curse toes
  Xtahua (Vaults:2)
  11 caustic shrikes
  20 golden dragons
  Nikola (Swamp:2)
  6 pearl dragons
  6 profane servitors
  6 iron giants (Zig:14)
  13 Tzitzimimeh
  16 bone dragons
  3 doom hounds (Zot:2)
  16 Brimstone Fiends
  Jorgrun (Spider:1)
  Zenata (Vaults:1)
  Rupert (Lair:3)
  11 hellephants
  42 tentacled monstrosities
  10 Hell Sentinels
  Asterion (Spider:3)
  5 Orb Guardians (Zot:5)
  40 Ice Fiends
  18 liches
  29 deep elf blademasters
  Grunn (Zot:2)
  A walking divine tome (Depths:3)
  36 deep elf master archers
  9 titans
  9 quicksilver dragons
  2 quicksilver dragons (shapeshifter) (Zig:18)
  7 searing wretches
  2 death cobs
  A sphinx (shapeshifter) (Zig:6)
  35 acid blobs
  16 Executioners
  16 ancient champions
  12 tentacled starspawn
  Kirke (Elf:1)
  The ghost of Viocziel the Brawler, an adept TrMo of Nemelex Xobeh (Zig:24)
  8 thorn hunters
  13 storm dragons
  15 shadow dragons
  7 tengu reavers
  8 sphinxes
  A shadow dragon (shapeshifter) (Zig:18)
  12 daevas
  Donald (Elf:1)
  10 demonspawn warmongers
  A fire giant (shapeshifter) (Zig:18)
  35 nagarajas
  17 azure jellies
  21 draconian knights
  14 draconian monks
  28 revenants
  22 rockslimes
  11 narguns
  27 emperor scorpions
  13 vault wardens
  11 deep elf sorcerers
  6 iron dragons
  11 fire giants
  A frost giant (shapeshifter) (Zig:18)
  15 frost giants
  44 ghost moths
  11 draconian scorchers
  8 deep elf elementalists
  Louise (Swamp:2)
  A juggernaut zombie (Zig:13)
  25 orc warlords
  5 angels
  18 balrugs
  5 spectral caustic shrikes (Depths:3)
  Aizul (Vaults:3)
  17 cacodemons
  10 broodmothers
  14 ironbound preservers
  8 draconian shifters
  17 curse skulls
  16 reapers
  10 draconian stormcallers
  11 quicksilver oozes
  44 stone giants
  3 war gargoyles
  18 demonspawn corrupters
  2 spriggan defenders
  A juggernaut skeleton (Zig:8)
  9 draconian annihilators
  11 demonspawn blood saints
  2 ghouls
  8 apis (Zig:22)
  5 ironbound thunderhulks
  28 very ugly things
  2 grey draconians (Depths:4)
  14 green draconians
  13 vampire knights
  A caustic shrike skeleton (Zig:13)
  11 ophanim (Zig:22)
  25 deep elf demonologists
  10 red draconians
  21 eleionomae
  18 white draconians
  20 yellow draconians
  14 wendigos
  8 dire elephants
  23 deep elf annihilators
  18 black draconians
  4 bennus
  16 demonspawn black suns
  A putrid mouth (Zig:19)
  10 lorocyprocas
  A minotaur (shapeshifter) (Zig:2)
  18 purple draconians
  14 bunyips
  An eleionoma (shapeshifter) (Depths:2)
  2 dire elephants (shapeshifter) (Zig:18)
  30 blizzard demons
  10 spark wasps
  Josephine (Orc:1)
  26 eidola
  2 iron golems (Zig:14)
  A crystal guardian (Zig:14)
  19 deep elf death magi
  2 fire dragons (shapeshifter)
  11 ettins
  31 green deaths
  5 fire dragons
  28 entropy weavers
  6 jiangshi
  13 shambling mangroves
  31 merfolk javelineers
  20 mummy priests
  21 merfolk impalers
  8 great orbs of eyes
  26 deep elf high priests
  8 hell beasts
  A caustic shrike simulacrum (Zig:23)
  15 yaktaur captains
  18 ice dragons
  3 rakshasas
  7 spriggan air magi
  71 hydras
  12 anacondas
  3 ghost crabs
  23 salamander tyrants
  9 jorogumos
  6 radroaches
  7 ironbound frosthearts
  43 vault guards
  8 centaur warriors
  9 ogre magi
  5 merfolk avatars
  An anaconda (shapeshifter) (Zig:18)
  A catoblepas (Lair:5)
  49 dancing weapons
  11 boulder beetles
  A boulder beetle (shapeshifter) (Zig:21)
  14 satyrs
  9 alligator snapping turtles
  19 vampire magi
  14 alligators
  28 merfolk aquamancers
  3 tengu warriors (Depths:4)
  A two-headed ogre (shapeshifter) (Vaults:5)
  5 deep troll shamans
  2 hell hogs
  6 death yaks
  A satyr (shapeshifter) (Vaults:3)
  14 death scarabs
  18 thrashing horrors
  8 deep troll earth magi
  41 orc high priests
  18 two-headed ogres
  10 naga warriors
  15 shock serpents
  A shock serpent (shapeshifter) (Depths:2)
  4 spriggan berserkers
  30 naga sharpshooters
  2 hell knights (Depths:2)
  13 soul eaters
  5 sun demons
  2 skysharks (shapeshifter)
  9 shadow wraiths
  A fire crab (shapeshifter) (Elf:1)
  35 deep elf knights
  4 salamander mystics
  5 sixfirhies
  17 wretched stars
  19 pharaoh ants
  4 spatial maelstroms
  15 iron trolls
  A skyshark (Lair:2)
  3 titan skeletons
  A fire crab (Zig:1)
  8 shadow demons
  6 sun moths
  5 cherubim (Zig:22)
  35 orb spiders
  15 sea snakes
  A spark wasp zombie (Zig:9)
  20 death drakes
  9 goliath frogs
  28 deep elf archers
  14 glowing orange brains
  A sea snake (shapeshifter) (Zot:3)
  16 spriggan druids
  A storm dragon skeleton (Zig:10)
  5 bog bodies
  A glowing orange brain (shapeshifter) (Zig:3)
  40 deep trolls
  A lindwurm (shapeshifter) (Zig:18)
  9 flayed ghosts
  5 obsidian statues
  A spriggan simulacrum (Zig:10)
  2 tengu zombies
  A golden dragon zombie (Zig:14)
  55 deep elf pyromancers
  8 orange crystal statues
  5 naga ritualists
  19 starcursed masses
  39 swamp dragons
  59 deep elf zephyrmancers
  A sphinx zombie (Zig:14)
  A necromancer (Depths:3)
  50 harpies
  20 steelbarb worms
  6 mana vipers
  19 orc knights
  18 phantasmal warriors
  A harpy (shapeshifter) (Zig:21)
  34 orc sorcerers
  A shadow dragon skeleton (Zig:8)
  A mana viper (shapeshifter) (Zig:21)
  15 ironbound convokers
  4 wizards
  A cyclops (shapeshifter) (Lair:5)
  13 shining eyes
  31 wolf spiders
  36 ugly things
  19 fauns
  4 oklob plants
  6 will-o-the-wisps
  2 wolf spiders (shapeshifter)
  12 cyclopes
  2 shining eyes (shapeshifter)
  12 salamanders
  25 manticores
  6 elephants
  A salamander (shapeshifter) (Zig:21)
  A rust devil (Depths:2)
  67 moths of wrath
  Joseph (D:8)
  26 large abominations
  16 merfolk sirens
  An elephant (shapeshifter) (Zot:3)
  2 iron dragon skeletons
  2 worldbinders
  43 black mambas
  A fire giant skeleton (Zig:9)
  18 guardian serpents
  32 water nymphs
  17 smoke demons
  21 demonic crawlers
  8 vault sentinels
  9 eyes of devastation
  14 naga magi
  28 torpor snails
  4 orange demons
  17 cane toads
  A cane toad (shapeshifter) (D:13)
  3 gargoyles
  5 apocalypse crabs
  8 ice statues
  12 hellions
  An unseen horror (D:11)
  An unseen horror (shapeshifter) (Zig:21)
  13 yaktaurs
  15 rime drakes
  4 freezing wraiths
  2 kobold demonologists
  3 efreet
  46 guardian mummies
  6 komodo dragons
  6 ice devils
  2 tengu conjurers (Depths:2)
  2 yaktaurs (shapeshifter) (Zig:21)
  16 tormentors
  12 ancient zymes
  2 red devils
  26 trolls
  7 hellwings
  23 tyrant leeches
  87 merfolk
  A troll (shapeshifter) (Zig:22)
  6 bloated husks
  A meliai (shapeshifter) (Depths:3)
  6 meliai
  A queen bee (shapeshifter) (Zig:6)
  2 tengu simulacra
  Grinder (D:3)
  30 hornets
  17 wind drakes
  3 polar bears
  2 tarantellas (shapeshifter) (Zig:21)
  A wind drake (shapeshifter) (Vaults:5)
  32 tarantellas
  A raiju (shapeshifter) (Zig:24)
  24 blink frogs
  4 raiju
  18 snapping turtles
  9 dream sheep
  2 iron dragon simulacra
  76 slime creatures
  13 air elementals
  35 jumping spiders
  20 flying skulls
  3 shadows
  A spriggan (shapeshifter) (Zig:18)
  22 spriggans
  32 water elementals
  13 ynoxinuls
  6 wraiths
  36 culicivoras
  A culicivora (shapeshifter) (D:14)
  A human (Elf:1)
  45 yaks
  10 ushabtiu
  8 fire elementals
  2 hogs (Elf:1)
  2 golden eyes
  8 wyverns
  A steam dragon (shapeshifter) (D:13)
  A hog (shapeshifter) (Zig:18)
  5 basilisks
  13 chaos spawn
  13 neqoxecs
  14 vampire mosquitoes
  63 redbacks
  32 wargs
  15 nagas
  27 swamp worms
  A glowing shapeshifter zombie (Zig:9)
  3 acid dragons (Depths:4)
  2 floating eyes
  11 water moccasins
  A hell hound (Zig:11)
  2 glowing shapeshifter skeletons
  13 ice beasts
  108 orc warriors
  11 swamp drakes
  7 boggarts
  12 wolves
  16 centaurs
  59 ogres
  6 phantoms
  13 earth elementals
  12 bullfrogs
  A bullfrog (shapeshifter) (Zig:21)
  A glowing shapeshifter simulacrum (Zig:23)
  4 scorpions
  2 gnoll sergeants
  A wight (D:8)
  A troll zombie (D:11)
  3 vampire bats (D:13)
  10 killer bees
  8 electric eels
  6 howler monkeys
  10 small abominations (Lair:5)
  2 gnoll boudas
  7 hounds
  A jelly (D:7)
  27 orc priests
  7 iguanas
  49 orc wizards
  A scorpion zombie (D:4)
  7 ogre zombies (D:11)
  A hound zombie (D:4)
  60 mummies
  Robin (D:2)
  7 gnolls
  9 adders
  A white imp (D:6)
  An adder zombie (D:4)
  A worm (D:5)
  3 dart slugs
  87 orcs
  5 ball pythons
  5 endoplasms
  2 giant cockroaches
  14 goblins
  9 hobgoblins
  4 kobolds
  12 bats
  3 goblin zombies (D:11)
  4 hobgoblin zombies (D:11)
  An orc skeleton (D:11)
  17 orc zombies (D:11)
  6 rats
  24 briar patches (Zig:23)
  15 fire vortices
5241 creatures vanquished.

Vanquished Creatures (collateral kills)
  A pearl dragon (Zig:22)
  A Tzitzimitl (Zig:25)
  2 Ice Fiends (Zig:23)
  A tentacled monstrosity (Zig:22)
  A demonspawn warmonger (Zig:25)
  A cacodemon (Zig:27)
  An apis (Zig:22)
  A blizzard demon (Zig:23)
  An orb spider (Zig:16)
  A deep elf zephyrmancer (Elf:1)
  A shadow dragon simulacrum (Zig:23)
  A hellwing (Zig:25)
  An air elemental (Elf:1)
  3 ice beasts (Zig:23)
17 creatures vanquished.

Vanquished Creatures (others)
  2 pandemonium lords
  A Brimstone Fiend (Zig:15)
  An Executioner (Zig:11)
  A spark wasp (Zig:15)
  A fire dragon (Zot:3)
  An alligator (Swamp:2)
  A tengu simulacrum (Zig:24)
  A human (Elf:1)
  A butterfly (D:8)
  357 fire vortices
  4 foxfires
  76 fulminant prisms
  19 fungi
  41 plants
  2 starspawn tentacles (Zig:19)
  7 toadstools (Swamp:1)
  3 withered plants (D:4)
519 creatures vanquished.

Grand Total: 5777 creatures vanquished

Notes
Turn   | Place    | Note
-------+----------+-------------------------------------------
     0 | D:1      | PurpleRed the Meteoran Conjurer began the quest for the
                  | Orb.
     0 | D:1      | Reached XP level 1. HP: 14/14 MP: 5/5
    54 | D:1      | Reached skill level 5 in Conjurations
    54 | D:1      | Reached XP level 2. HP: 14/20 MP: 0/7
    69 | D:1      | Learned a level 2 spell: Searing Ray
   100 | D:2      | Noticed a phantom
   113 | D:1      | Reached XP level 3. HP: 17/26 MP: 0/8
   306 | D:2      | Reached XP level 4. HP: 33/33 MP: 6/10
   313 | D:2      | Noticed Robin
   329 | D:2      | Killed Robin
   493 | D:2      | Found Ukloss's Magic Scroll Shoppe.
   505 | D:2      | Bought a scroll of blinking for 90 gold pieces
   505 | D:2      | Bought a scroll of identify for 24 gold pieces
   525 | D:3      | Reached XP level 5. HP: 38/38 MP: 9/12
   539 | D:3      | Found a faded altar of an unknown god.
   643 | D:3      | Learned a level 4 spell: Fulminant Prism
   648 | D:3      | Learned a level 4 spell: Iskenderun's Mystic Blast
   753 | D:3      | Noticed Grinder
   769 | D:3      | Killed Grinder
   770 | D:3      | Reached skill level 5 in Spellcasting
   770 | D:3      | Reached XP level 6. HP: 18/45 MP: 4/15
   808 | D:3      | Reached XP level 7. HP: 50/50 MP: 14/16
   973 | D:4      | Found a staircase to the Ecumenical Temple.
  1193 | D:4      | Reached XP level 8. HP: 57/57 MP: 14/19
  1222 | D:5      | Entered Level 5 of the Dungeon
  1254 | D:5      | Reached skill level 1 in Translocations
  1266 | D:5      | Reached skill level 1 in Fighting
  1363 | D:3      | Found a broken altar of Ashenzari.
  1571 | D:5      | Gained mutation: You passively map the area around you.
                  | [Meteoran growth]
  1571 | D:5      | Reached XP level 9. HP: 50/68 MP: 16/21
  1718 | Temple   | Entered the Ecumenical Temple
  1898 | D:5      | Found an iron altar of Okawaru.
  2262 | D:6      | Found a glowing drain.
  2426 | D:6      | Reached skill level 10 in Conjurations
  2653 | D:7      | Reached skill level 10 in Spellcasting
  2653 | D:7      | Reached XP level 10. HP: 62/77 MP: 18/25
  2847 | D:8      | Noticed Joseph
  2863 | D:8      | Killed Joseph
  2898 | D:9      | Found a radiant altar of Vehumet.
  2905 | D:9      | Became a worshipper of Vehumet
  2993 | D:10     | Entered Level 10 of the Dungeon
  3069 | D:8      | Noticed an orc knight
  3167 | D:8      | Found a white marble altar of Elyvilon.
  3582 | D:10     | Found a staircase to the Lair.
  3638 | D:10     | Found Inorph's Book Shop.
  3683 | D:10     | Learned a level 5 spell: Fireball
  3728 | D:10     | Reached * piety under Vehumet
  3728 | D:10     | Offered knowledge of Kiss of Death by Vehumet.
  3729 | D:10     | Reached XP level 11. HP: 82/82 MP: 24/28
  3786 | D:10     | Reached skill level 1 in Fire Magic
  3922 | D:10     | Found a bloodstained altar of Trog.
  3922 | D:10     | Found a stormy altar of Qazlal.
  3923 | D:10     | Found a snail-covered altar of Cheibriados.
  4067 | D:11     | Learned a level 6 spell: Starburst
  4098 | D:11     | Noticed a manticore
  4101 | D:11     | Killed a manticore
  4102 | D:11     | Reached skill level 5 in Fire Magic
  4250 | D:12     | Noticed a two-headed ogre
  4255 | D:12     | Killed a two-headed ogre
  4256 | D:12     | Reached skill level 5 in Fighting
  4256 | D:12     | Reached skill level 5 in Dodging
  4296 | D:12     | Identified the +6 falchion "Mokez" {flame, *Slow rElec rN+
                  | Str+3}
  4460 | D:11     | Noticed a two-headed ogre
  4470 | D:11     | Killed a two-headed ogre
  4470 | D:11     | Reached ** piety under Vehumet
  4470 | D:11     | Offered knowledge of Static Discharge by Vehumet.
  4477 | D:11     | Noticed a green ugly thing
  4493 | D:11     | Killed a green ugly thing
  4537 | D:11     | Found a staircase to the Orcish Mines.
  4673 | D:10     | Identified the +6 trident "Peloitsai" {heavy, rPois rN+
                  | Will- SInv}
  4771 | Lair:1   | Entered Level 1 of the Lair of Beasts
  4816 | Lair:1   | Identified the +4 dagger of Truncation {flame, rF+ Str+9}
  4871 | Lair:1   | Reached XP level 12. HP: 81/94 MP: 29/29
  4969 | Lair:1   | Reached skill level 1 in Armour
  5033 | Lair:2   | Noticed a skyshark
  5039 | Lair:2   | Killed a skyshark
  5039 | Lair:2   | Offered knowledge of Frozen Ramparts by Vehumet.
  5059 | Lair:3   | Noticed a boulder beetle
  5062 | Lair:3   | Noticed Rupert
  5130 | Lair:2   | Reached skill level 10 in Fire Magic
  5160 | Lair:2   | Found a hole to the Spider Nest.
  5169 | Lair:2   | Noticed a five-headed hydra
  5174 | Lair:2   | Killed a five-headed hydra
  5191 | Lair:2   | Found a staircase to the Swamp.
  5262 | Lair:3   | Reached *** piety under Vehumet
  5290 | Lair:3   | Killed Rupert
  5314 | Lair:3   | Killed a boulder beetle
  5323 | Lair:3   | Reached XP level 13. HP: 100/100 MP: 19/31
  5487 | Lair:4   | Offered knowledge of Olgreb's Toxic Radiance by Vehumet.
  5672 | Lair:5   | Entered Level 5 of the Lair of Beasts
  5672 | Lair:5   | Noticed a catoblepas
  5677 | Lair:5   | Killed a catoblepas
  5692 | Lair:5   | Reached **** piety under Vehumet
  5701 | Lair:5   | Found a viscous altar of Jiyva.
  5701 | Lair:5   | Found a staircase to the Slime Pits.
  5868 | Lair:5   | Offered knowledge of Flame Wave by Vehumet.
  5876 | Lair:5   | Reached skill level 15 in Conjurations
  5909 | Lair:5   | Reached XP level 14. HP: 99/107 MP: 29/33
  5968 | Lair:5   | Reached skill level 15 in Spellcasting
  6059 | Lair:5   | Reached ***** piety under Vehumet
  6069 | Lair:5   | Offered knowledge of Airstrike by Vehumet.
  6218 | Lair:5   | Learned a level 7 spell: Ozocubu's Refrigeration
  6270 | Lair:5   | Reached skill level 1 in Ice Magic
  6280 | Lair:5   | Found a corrupted altar of Lugonu.
  6280 | Lair:5   | Found a one-way gate to the infinite horrors of the Abyss.
  6604 | D:13     | Found a runed translucent gate.
  6604 | D:13     | Found a runed translucent gate.
  6610 | D:13     | Found a runed translucent gate.
  6610 | D:13     | Noticed aor's ghost (journeyman SpEn)
  6735 | D:14     | Found a gate to the Vaults.
  6743 | D:14     | Reached XP level 15. HP: 103/113 MP: 15/36
  6795 | D:13     | Learned a level 5 spell: Freezing Cloud
  6849 | D:14     | Offered knowledge of Arcjolt by Vehumet.
  6859 | D:14     | Identified the +10 broad axe "Aqooscha" {protect, Drain
                  | rC++ Str+4}
  6894 | D:15     | Entered Level 15 of the Dungeon
  7036 | D:14     | Reached skill level 15 in Fire Magic
  7036 | D:14     | Reached skill level 5 in Ice Magic
  7092 | D:15     | Identified Roxanne's Precepts of Shapes
  7092 | D:15     | Noticed Roxanne
  7265 | D:15     | Found a staircase to the Depths.
  7400 | D:13     | Found a stormy altar of Qazlal.
  7595 | Orc:1    | Entered Level 1 of the Orcish Mines
  7717 | Orc:2    | Entered Level 2 of the Orcish Mines
  7840 | Orc:2    | Offered knowledge of Spellforged Servitor by Vehumet.
  7903 | Orc:2    | Found Silojo's Jewellery Boutique.
  7903 | Orc:2    | Found Jywky's Book Emporium.
  7936 | Orc:2    | Noticed an orc warlord
  7952 | Orc:2    | Reached XP level 16. HP: 96/119 MP: 33/38
  8015 | Orc:2    | Found Nenudda's Antique Weapon Boutique.
  8015 | Orc:2    | Found Biguosk's Magic Scroll Emporium.
  8029 | Orc:2    | Bought 3 scrolls of magic mapping for 270 gold pieces
  8029 | Orc:2    | Bought a scroll of amnesia for 48 gold pieces
  8060 | Orc:2    | Bought a ring of see invisible for 210 gold pieces
  8080 | Orc:2    | Learned a level 7 spell: Spellforged Servitor
  8080 | Orc:2    | Bought a book of Blood for 336 gold pieces
  8083 | Orc:2    | Learned a level 2 spell: Sublimation of Blood
  8152 | Orc:2    | Reached skill level 1 in Summonings
  8171 | Orc:2    | Offered knowledge of Eringya's Noxious Bog by Vehumet.
  8243 | Orc:2    | Found Ycoteep's Book Boutique.
  8291 | Orc:1    | Noticed Josephine
  8298 | Orc:1    | Killed Josephine
  8360 | Orc:2    | Found a staircase to the Elven Halls.
  8381 | Elf:1    | Entered Level 1 of the Elven Halls
  8381 | Elf:1    | Noticed Kirke
  8385 | Elf:1    | Killed Kirke
  8414 | Elf:2    | Paralysed by an air elemental for 1 turns
  8477 | Elf:3    | Entered Level 3 of the Elven Halls
  8666 | Elf:3    | Noticed a deep elf sorcerer
  8670 | Elf:3    | Reached XP level 17. HP: 130/130 MP: 23/39
  8782 | Elf:3    | Noticed a deep elf master archer
  8799 | Elf:3    | Killed a deep elf master archer
  8889 | Elf:3    | Noticed a deep elf blademaster
  8890 | Elf:3    | Identified the amulet "Nuviqic" {Faith rPois Int-2 SInv}
  8894 | Elf:3    | Killed a deep elf blademaster
  9100 | Elf:3    | Offered knowledge of Yara's Violent Unravelling by Vehumet.
  9102 | Elf:3    | Identified the +9 dagger "Hellblazer" {drain, Fly Will+++
                  | rCorr Dex-5}
  9102 | Elf:3    | Identified the ring of Qys Orhi {rC+ rN+ Int-3 Dex+3}
  9201 | Elf:3    | Got the Vellum of Charged Beckoning
  9255 | Elf:3    | Identified the staff of conjuration "Dedof" {Dex+2}
  9268 | Elf:3    | Identified the +5 short sword "Futhielec" {speed, rC+
                  | Str+4}
  9443 | Elf:1    | Noticed Donald
  9448 | Elf:1    | Killed Donald
  9453 | Elf:1    | Gained mutation: You passively map a large area around you.
                  | [Meteoran growth]
  9453 | Elf:1    | Reached XP level 18. HP: 73/139 MP: 17/42
  9536 | Elf:1    | Paralysed by an air elemental for 1 turns
  9546 | Elf:1    | HP: 3/122 [+2 dire flail of draining (11)]
  9711 | D:10     | Bought the Exposition on Heated Moulding for 572 gold
                  | pieces
  9720 | D:10     | Learned a level 8 spell: Ignition
 10019 | Swamp:1  | Entered Level 1 of the Swamp
 10100 | Swamp:1  | Noticed a thorn hunter
 10102 | Swamp:1  | Killed a thorn hunter
 10168 | Swamp:2  | Noticed Louise
 10175 | Swamp:2  | Killed Louise
 10190 | Swamp:2  | Reached ****** piety under Vehumet
 10193 | Swamp:2  | Identified the +4 ring mail "Axuc" {Str+3}
 10260 | Swamp:1  | Identified the +0 ring mail "Ynlamm" {Stlth+}
 10301 | Swamp:3  | Noticed a thorn hunter
 10307 | Swamp:3  | Killed a thorn hunter
 10307 | Swamp:3  | Offered knowledge of Irradiate by Vehumet.
 10401 | Swamp:2  | Noticed Nikola
 10408 | Swamp:2  | Killed Nikola
 10438 | Swamp:3  | Reached XP level 19. HP: 145/145 MP: 40/44
 10444 | Swamp:4  | Entered Level 4 of the Swamp
 10712 | Swamp:4  | Noticed the 27-headed Lernaean hydra
 10715 | Swamp:4  | Killed the 27-headed Lernaean hydra
 10800 | Swamp:4  | Got a decaying rune of Zot
 11131 | Spider:1 | Entered Level 1 of the Spider Nest
 11240 | Spider:2 | Offered knowledge of Iron Shot by Vehumet.
 11349 | Spider:2 | You fall into a shaft and drop 1 floor!
 11374 | Spider:3 | Noticed Asterion
 11378 | Spider:3 | Killed Asterion
 11523 | Spider:4 | Entered Level 4 of the Spider Nest
 11527 | Spider:4 | Reached XP level 20. HP: 152/152 MP: 46/46
 11553 | Spider:4 | Learned a level 6 spell: Iron Shot
 11592 | Spider:4 | Offered knowledge of Lehudib's Crystal Spear by Vehumet.
 11592 | Spider:4 | Offered knowledge of Shatter by Vehumet.
 11592 | Spider:4 | Offered knowledge of Polar Vortex by Vehumet.
 11642 | Spider:4 | Reached skill level 1 in Earth Magic
 11711 | Spider:4 | Reached skill level 5 in Armour
 11816 | Spider:4 | Identified the +0 leather armour of Feral Amelioration
                  | {Rampage MP+9 Dex+4}
 11960 | Spider:4 | Got a gossamer rune of Zot
 12069 | Spider:2 | Reached skill level 5 in Earth Magic
 12168 | Spider:2 | Found a runed translucent door.
 12244 | Spider:2 | Reached XP level 21. HP: 156/162 MP: 37/47
 12282 | Spider:2 | Found a large runed translucent door.
 12282 | Spider:2 | Found a large runed translucent door.
 12284 | Spider:2 | Noticed iishen's ghost (adept CeHu)
 12667 | Spider:1 | Noticed Jorgrun
 12670 | Spider:1 | Killed Jorgrun
 12812 | Slime:1  | Entered Level 1 of the Pits of Slime
 12935 | Slime:2  | Gained mutation: You are weak. (Str -2) [a shining eye]
 12936 | Slime:2  | Gained mutation: You occasionally lose the ability to read
                  | scrolls when taking damage. [a shining eye]
 13005 | Slime:3  | Reached skill level 10 in Dodging
 13065 | Slime:5  | Entered Level 5 of the Pits of Slime
 13087 | Slime:5  | Reached skill level 10 in Earth Magic
 13091 | Slime:5  | Reached skill level 10 in Fighting
 13135 | Slime:5  | Noticed the Royal Jelly
 13140 | Slime:5  | Killed the Royal Jelly
 13284 | Slime:5  | Identified the +6 mace "Zojomos" {speed, Fragile rF+ rN+}
 13286 | Slime:5  | Identified the +5 broad axe of Optimality {pain, *Noise rF+
                  | Dex+4}
 13294 | Slime:5  | Got the Parchment of Teratogeny
 13302 | Slime:5  | Found the +8 whip "Snakebite" {venom, curare, rPois}
 13338 | Slime:5  | Got a slimy rune of Zot
 13366 | Slime:5  | Got the Folio of Hyperbolic Talus
 13370 | Slime:5  | Got the Notes on Translocation and Company
 13376 | Slime:5  | Identified the +1 robe of Agoraphobia {*Corrode Fly rC++
                  | Regen+}
 13386 | Slime:5  | Identified the +7 great sword of Blood-Lust {spect, rElec
                  | rF+ rN+ Dex-3}
 13391 | Slime:5  | Identified the +0 plate armour of the Narrow Wumpus {rElec
                  | rC- Will+}
 13490 | Slime:2  | Gained mutation: You occasionally lose the ability to drink
                  | potions when taking damage. [a shining eye]
 13494 | Slime:2  | Reached XP level 22. HP: 174/174 MP: 27/48
 13811 | Vaults:1 | Entered Level 1 of the Vaults
 13904 | Vaults:1 | Lost mutation: You occasionally lose the ability to read
                  | scrolls when taking damage. [potion of mutation]
 13904 | Vaults:1 | Lost mutation: You are weak. (Str -2) [potion of mutation]
 13904 | Vaults:1 | Gained mutation: You are robust. (+10% HP) [potion of
                  | mutation]
 14078 | Vaults:2 | Noticed Xtahua
 14084 | Vaults:2 | Killed Xtahua
 14243 | Vaults:2 | Learned a level 9 spell: Shatter
 14276 | Vaults:3 | Noticed Aizul
 14283 | Vaults:3 | Killed Aizul
 14346 | Vaults:3 | Reached skill level 15 in Earth Magic
 14397 | Vaults:3 | Found Gyvetz's Magic Scroll Emporium.
 14405 | Vaults:3 | Bought a scroll of magic mapping for 82 gold pieces
 14570 | Vaults:4 | Got Sif Muna's Writings on Fire
 14635 | Vaults:5 | Entered Level 5 of the Vaults
 14637 | Vaults:5 | Reached XP level 23. HP: 201/201 MP: 49/49
 14646 | Vaults:5 | Noticed an ancient lich
 14653 | Vaults:5 | Killed an ancient lich
 14658 | Vaults:5 | Noticed Boris
 14661 | Vaults:5 | Killed Boris
 14671 | Vaults:5 | Noticed Bai Suzhen
 14675 | Vaults:5 | Killed Bai Suzhen
 14864 | Vaults:5 | Got the Discursus on the Crystalline Missiles
 14865 | Vaults:5 | Identified the +5 flail of Generosity {freeze, *Corrode
                  | rElec rPois Int+3}
 14903 | Vaults:5 | Noticed a golden dragon
 14910 | Vaults:5 | Killed a golden dragon
 15035 | Vaults:5 | Identified the +5 ring mail of Pride {rElec}
 15060 | Vaults:5 | Reached XP level 24. HP: 187/210 MP: 39/49
 15130 | Vaults:5 | Got a silver rune of Zot
 15261 | Vaults:5 | Found Deloukih's Book Shop.
 15322 | Vaults:5 | Identified the +4 leather armour of Coten {Str+2}
 15468 | Vaults:4 | Found Deukuatta's Weapon Emporium.
 15690 | Vaults:2 | Learned a level 8 spell: Necromutation
 15749 | Vaults:1 | Noticed Zenata
 15755 | Vaults:1 | Killed Zenata
 15756 | Vaults:1 | Reached skill level 1 in Necromancy
 15756 | Vaults:1 | Reached skill level 1 in Transmutations
 15938 | Depths:1 | Entered Level 1 of the Depths
 15938 | Depths:1 | Found Big Baal Hell's Store.
 15999 | Depths:1 | Found a gateway to Hell.
 16141 | Depths:2 | Reached XP level 25. HP: 213/217 MP: 26/50
 16198 | Depths:2 | Reached skill level 5 in Transmutations
 16198 | Depths:2 | Found a one-way gate leading to the halls of Pandemonium.
 16201 | Depths:2 | Noticed a juggernaut
 16205 | Depths:2 | Killed a juggernaut
 16205 | Depths:2 | Identified the +1 glaive of Rubul {holy, *Noise Int+4}
 16210 | Depths:2 | Reached skill level 5 in Necromancy
 16362 | Depths:2 | Identified the +0 plate armour "Hyhuo" {Int+3}
 16364 | Depths:2 | Got the Enchiridion on Decaying Sidekicks
 16383 | Depths:2 | Identified the staff of death "Rokeis" {Fly rN+}
 16619 | Depths:3 | Noticed a golden dragon
 16624 | Depths:3 | Killed a golden dragon
 16663 | Depths:3 | Identified the +0 ring mail of Conscience {rN++ Will+
                  | Int+3}
 16814 | Depths:3 | Found the +2 ratskin cloak {*Rats rPois rN+ Str-1 Int-1
                  | Dex+1}
 16863 | Depths:3 | Found a blossoming altar of Fedhas.
 16900 | Depths:4 | Entered Level 4 of the Depths
 16904 | Depths:4 | Reached XP level 26. HP: 217/225 MP: 48/52
 16922 | Depths:4 | Gained mutation: Your body sometimes deteriorates upon
                  | taking damage. [a shining eye]
 16935 | Depths:4 | Noticed a caustic shrike
 16939 | Depths:4 | Noticed a caustic shrike
 16940 | Depths:4 | Killed a caustic shrike
 16940 | Depths:4 | Noticed a caustic shrike
 16960 | Depths:4 | Killed a caustic shrike
 16967 | Depths:4 | Killed a caustic shrike
 17033 | Depths:4 | Found a gate to the Realm of Zot.
 17069 | Depths:4 | Reached skill level 10 in Transmutations
 17237 | Depths:4 | Found a one-way gateway to a ziggurat.
 17268 | Depths:4 | Found a portal to a secret trove of treasure.
 17397 | Zot:1    | Entered Level 1 of the Realm of Zot
 17429 | Zot:1    | Noticed an orb of fire
 17433 | Zot:1    | Gained mutation: You are dopey. (Int -2) [an orb of fire]
 17434 | Zot:1    | Killed an orb of fire
 17435 | Zot:1    | Reached skill level 10 in Necromancy
 17594 | Zot:1    | Lost mutation: You occasionally lose the ability to drink
                  | potions when taking damage. [potion of mutation]
 17594 | Zot:1    | Lost mutation: You are robust. (+10% HP) [potion of
                  | mutation]
 17594 | Zot:1    | Gained mutation: Your magical capacity is low. (-10% MP)
                  | [potion of mutation]
 17594 | Zot:1    | Gained mutation: You have supernaturally acute eyesight.
                  | (SInv) [potion of mutation]
 17595 | Zot:1    | Lost mutation: You are dopey. (Int -2) [potion of mutation]
 17595 | Zot:1    | Lost mutation: Your magical capacity is low. (-10% MP)
                  | [potion of mutation]
 17595 | Zot:1    | Lost mutation: Your body sometimes deteriorates upon taking
                  | damage. [potion of mutation]
 17595 | Zot:1    | Gained mutation: You are somewhat resistant to further
                  | mutation. [potion of mutation]
 17595 | Zot:1    | Gained mutation: You have a pair of small horns on your
                  | head. [potion of mutation]
 17595 | Zot:1    | Gained mutation: Your mind is acute. (Int +4, Str/Dex -1)
                  | [potion of mutation]
 17723 | Zot:2    | Reached XP level 27. HP: 200/211 MP: 53/53
 17738 | Zot:2    | Noticed a Killer Klown
 17744 | Zot:2    | Noticed Vv
 17758 | Zot:1    | Killed a Killer Klown
 17778 | Zot:1    | Identified the ring "Pagemip" {rElec rC++ MP-9 Int+2 Dex+6}
 17817 | Zot:1    | Identified the +6 falchion of the Ageless Runes {elec, rN+
                  | SInv}
 17865 | Zot:2    | Killed Vv
 17968 | Zot:2    | Noticed Grunn
 17972 | Zot:2    | Killed Grunn
 18294 | Zot:3    | Noticed a dread lich
 18296 | Zot:3    | Killed a dread lich
 18297 | Zot:3    | Reached skill level 15 in Transmutations
 18447 | Zot:3    | Identified the +10 flail of Qoicw {flame, rPois}
 18472 | Zot:4    | Noticed a Killer Klown
 18475 | Zot:4    | Killed a Killer Klown
 18703 | Zot:5    | Entered Level 5 of the Realm of Zot
 18706 | Zot:5    | Reached skill level 15 in Necromancy
 18820 | Zot:5    | Noticed a curse toe
 18829 | Zot:5    | Killed a curse toe
 18833 | Zot:5    | Noticed an orb of fire
 18995 | Zig:1    | Entered Level 1 of a ziggurat
 19014 | Zig:2    | Entered Level 2 of a ziggurat
 19036 | Zig:2    | Identified the +8 rapier of the Thirteen Knaves {speed,
                  | Dex+4}
 19039 | Zig:3    | Entered Level 3 of a ziggurat
 19080 | Zig:4    | Entered Level 4 of a ziggurat
 19093 | Zig:4    | Identified the amulet "Kaes" {Spirit rPois}
 19102 | Zig:5    | Entered Level 5 of a ziggurat
 19140 | Zig:6    | Entered Level 6 of a ziggurat
 19161 | Zig:6    | Got the Grimoire of Beguiling
 19165 | Zig:6    | Identified the +1 pair of gloves "Jasul" {+Blink rCorr
                  | Int+3 Dex-4}
 19184 | Zig:6    | Identified the orb "Diur" {*Rage, Dex+5 SInv Stlth-}
 19190 | Zig:7    | Entered Level 7 of a ziggurat
 19196 | Zig:7    | Noticed a dread lich
 19201 | Zig:7    | Reached skill level 10 in Ice Magic
 19204 | Zig:7    | Killed a dread lich
 19317 | Zig:8    | Entered Level 8 of a ziggurat
 19338 | Zig:8    | Identified the +2 scimitar of Instinct {freeze, Stlth+}
 19368 | Zig:9    | Entered Level 9 of a ziggurat
 19417 | Zig:9    | Identified the +0 crystal plate armour "Nesyix" {Fly rF-
                  | rN+}
 19488 | Zig:10   | Entered Level 10 of a ziggurat
 19528 | Zig:10   | Identified the +3 leather armour "Geofru" {Fly rPois Str-2}
 19540 | Zig:10   | Identified the staff of poison "Jigolud" {Drain rPois Will+
                  | Str+3}
 19545 | Zig:10   | Identified the +11 falchion "Grum" {pain, Int+3}
 19546 | Zig:10   | Identified the staff of fire "Bysuff" {rF+ rN+}
 19562 | Zig:11   | Entered Level 11 of a ziggurat
 19611 | Zig:11   | Got the Compilation of Flinty Malisons
 19619 | Zig:11   | Identified the staff of poison "Ceptiq" {rPois Int+2}
 19629 | Zig:11   | Identified the amulet "Inu Geve" {Reflect Int+3 SH+5}
 19633 | Zig:11   | Identified the amulet "Zuijy" {Faith rC+ Will- Dex+3 SInv}
 19854 | Zig:12   | Entered Level 12 of a ziggurat
 19861 | Zig:12   | Noticed a juggernaut
 19864 | Zig:12   | Reached skill level 15 in Ice Magic
 19864 | Zig:12   | Killed a juggernaut
 19924 | Zig:13   | Entered Level 13 of a ziggurat
 19931 | Zig:13   | Noticed a royal mummy
 19931 | Zig:13   | Noticed a royal mummy
 19931 | Zig:13   | Noticed a royal mummy
 19931 | Zig:13   | Noticed a royal mummy
 19934 | Zig:13   | Noticed a royal mummy
 19935 | Zig:13   | Killed a royal mummy
 19935 | Zig:13   | Killed a royal mummy
 19935 | Zig:13   | Killed a royal mummy
 19935 | Zig:13   | Noticed a royal mummy
 19936 | Zig:13   | Killed a royal mummy
 19936 | Zig:13   | Killed a royal mummy
 19936 | Zig:13   | Noticed a royal mummy
 19939 | Zig:13   | Killed a royal mummy
 19939 | Zig:13   | Killed a royal mummy
 19947 | Zig:13   | Identified the ring "Pefe" {Fire Int+2}
 19954 | Zig:13   | Identified the +0 ring mail "Moakuebo" {Rampage Will+
                  | Int+4}
 19962 | Zig:13   | Identified the +4 hand crossbow "Hoanu" {penet, Contam
                  | Int+3 SInv}
 19963 | Zig:13   | Identified the ring "Darridy" {Ice rPois rN+ Int-4}
 19971 | Zig:13   | Identified the staff of conjuration "Boegieh" {rElec Will++
                  | SInv}
 19985 | Zig:14   | Entered Level 14 of a ziggurat
 19990 | Zig:14   | Noticed a royal mummy
 19991 | Zig:14   | Noticed a royal mummy
 19995 | Zig:14   | Killed a royal mummy
 19995 | Zig:14   | Killed a royal mummy
 19999 | Zig:14   | Noticed a royal mummy
 20003 | Zig:14   | Killed a royal mummy
 20051 | Zig:14   | Identified the +7 war axe "Spiderbane" {venom, rElec}
 20089 | Zig:15   | Entered Level 15 of a ziggurat
 20163 | Zig:15   | Identified the +6 battleaxe "Geumeori" {heavy, Fly rN+}
 20311 | Zig:16   | Entered Level 16 of a ziggurat
 20336 | Zig:16   | Found the sphere of Battle
 20352 | Zig:16   | Got the Teachings on Cold Nephomancy
 20362 | Zig:16   | Identified the +6 scale mail "Qosma" {+Blink Dex+3}
 20370 | Zig:16   | Identified the staff of conjuration "Zohemn" {Will+ Dex+4}
 20398 | Zig:16   | Learned a level 9 spell: Polar Vortex
 20438 | Zig:17   | Entered Level 17 of a ziggurat
 20477 | Zig:17   | Identified the +5 shortbow "Dammof" {freeze, Str+4}
 20532 | Zig:18   | Entered Level 18 of a ziggurat
 20537 | Zig:18   | Noticed a juggernaut
 20541 | Zig:18   | Killed a juggernaut
 20541 | Zig:18   | Noticed a juggernaut
 20542 | Zig:18   | Noticed a juggernaut
 20543 | Zig:18   | Noticed a juggernaut
 20544 | Zig:18   | Killed a juggernaut
 20545 | Zig:18   | Killed a juggernaut
 20546 | Zig:18   | Killed a juggernaut
 20593 | Zig:18   | Identified the +7 glaive of Dullness {flame, rPois rCorr
                  | Str+2 Int+3}
 20611 | Zig:18   | Identified the staff of poison "Ocyfas" {rPois Dex+3}
 20636 | Zig:19   | Entered Level 19 of a ziggurat
 20663 | Zig:19   | Found the +7 sceptre of Torment {pain, torment}
 20703 | Zig:19   | Got the Parchment of the Evil Eye
 20708 | Zig:19   | Identified the ring "Qyiso" {+Blink Fly rC+ AC+4 Str-2}
 20724 | Zig:19   | Reached skill level 27 in Spellcasting
 20751 | Zig:20   | Entered Level 20 of a ziggurat
 20764 | Zig:20   | Reached skill level 15 in Fighting
 20787 | Zig:20   | Identified the staff of fire "Bakhlaq" {rF+ rC+ rN++ rCorr
                  | Dex-3}
 20790 | Zig:20   | Identified the +3 falchion "Foercha" {freeze, Contam rC+
                  | Int+3}
 20802 | Zig:20   | Identified the ring "Riust" {rPois Int+2 Dex+3 SInv}
 20811 | Zig:20   | Got the Treatise on Hyperthermia
 20812 | Zig:20   | Identified the +3 ring mail "Mushrami" {rCorr Dex+3}
 20816 | Zig:20   | Identified the +0 ring mail of Leapfrog {Int+4}
 20820 | Zig:20   | Identified the +1 long sword of the Badger {flame, rPois
                  | Will+}
 20837 | Zig:20   | Learned a level 9 spell: Fire Storm
 20869 | Zig:21   | Entered Level 21 of a ziggurat
 20876 | Zig:21   | Noticed a dread lich
 20878 | Zig:21   | Killed a dread lich
 20884 | Zig:21   | Noticed an ancient lich
 20885 | Zig:21   | Killed an ancient lich
 20888 | Zig:21   | Noticed a dread lich
 20890 | Zig:21   | Killed a dread lich
 20927 | Zig:21   | Identified the ring "Qydecluo" {rF+ rCorr MP+9 Str+2}
 20954 | Zig:22   | Entered Level 22 of a ziggurat
 20979 | Zig:22   | Identified the +3 tower shield "Ussiumen" {rC++ Int+7
                  | Dex-5}
 21045 | Zig:22   | Found the ring of the Tortoise {AC+8}
 21062 | Zig:22   | Identified the staff of earth "Jintysao" {Drain rElec Will+
                  | Stlth+}
 21065 | Zig:22   | Identified the staff of conjuration "Pamaqec" {rCorr MP+9
                  | Str-3}
 21085 | Zig:22   | Identified the ring "Dumuj" {Fire rN++ Dex-3}
 21093 | Zig:22   | Identified the +8 dagger "Omafric" {drain, rPois Will+
                  | Dex+3}
 21110 | Zig:22   | Identified the +5 ring mail "Zuicilow" {Int+2}
 21136 | Zig:23   | Entered Level 23 of a ziggurat
 21171 | Zig:23   | Identified a scroll of acquirement
 21176 | Zig:23   | Got the Teachings on the Lofty Cemetery
 21188 | Zig:23   | Identified the +3 quick blade "Giantslayer" {vamp, *Rage
                  | rF++ Will+ rCorr}
 21195 | Zig:23   | Identified the +4 lajatang "Keanasyo" {holy, rC+}
 21200 | Zig:23   | Got Jeclina's Tractate on Torrid Metamorphosis
 21217 | Zig:23   | Acquired the +3 pair of mountain boots {steadfast, rC+}
 21217 | Zig:23   | Found the +3 pair of mountain boots {steadfast, rC+}
 21252 | Zig:24   | Entered Level 24 of a ziggurat
 21255 | Zig:24   | Paralysed by a floating eye for 4 turns
 21261 | Zig:24   | Noticed a shard shrike
 21261 | Zig:24   | Noticed a shard shrike
 21264 | Zig:24   | Killed a shard shrike
 21264 | Zig:24   | Killed a shard shrike
 21265 | Zig:24   | Noticed a shard shrike
 21267 | Zig:24   | Killed a shard shrike
 21271 | Zig:24   | Noticed a shard shrike
 21273 | Zig:24   | Killed a shard shrike
 21278 | Zig:24   | Noticed a shard shrike
 21279 | Zig:24   | Killed a shard shrike
 21289 | Zig:24   | Found the +8 autumn katana {manifold assault}
 21292 | Zig:24   | Reached skill level 15 in Dodging
 21311 | Zig:24   | Got Myiraock's Commentary on the Mantle
 21312 | Zig:24   | Identified the ring of Waepreri {Fly rElec rPois rF- Dex+3}
 21314 | Zig:24   | Identified the staff of death "Beagani" {rN+ Will+}
 21328 | Zig:24   | Identified the +2 flail of the Apocalypse {speed, rPois rF-
                  | rC++ Str+2}
 21332 | Zig:24   | Got the Handbook of Turbulence
 21335 | Zig:24   | Identified the staff of poison "Xiycle" {rElec rPois rC++
                  | Int+2 Stlth-}
 21342 | Zig:24   | Identified the +0 ring mail of the Blind Marksman {rF-
                  | Str+6}
 21362 | Zig:24   | Learned a level 9 spell: Chain Lightning
 21404 | Zig:25   | Entered Level 25 of a ziggurat
 21415 | Zig:25   | Reached skill level 5 in Air Magic
 21420 | Zig:25   | Noticed Leffusy the pandemonium lord
 21425 | Zig:25   | Reached skill level 10 in Air Magic
 21426 | Zig:25   | Killed Leffusy the pandemonium lord
 21455 | Zig:25   | Found the +2 hood of the Assassin {Detect Stab+ Stlth++}
 21459 | Zig:25   | Identified the +1 leather armour of the Goldsmith {*Slow
                  | rPois rN+++ Dex-2}
 21466 | Zig:25   | Identified the +4 whip of Stickiness {spect, rPois rN+
                  | Int-4 Stlth+}
 21471 | Zig:25   | Identified the +2 plate armour "Gumo" {rN+}
 21475 | Zig:25   | Identified the ring "Rofaeg" {Dex+4 SInv}
 21487 | Zig:25   | Identified the +6 chain mail of the Will of the Gods {-Cast
                  | +Blink rC+ Will+}
 21525 | Zig:26   | Entered Level 26 of a ziggurat
 21530 | Zig:26   | Paralysed by a floating eye for 4 turns
 21536 | Zig:26   | Noticed a dread lich
 21539 | Zig:26   | Killed a dread lich
 21540 | Zig:26   | Reached skill level 15 in Air Magic
 21540 | Zig:26   | Noticed an ancient lich
 21542 | Zig:26   | Killed an ancient lich
 21552 | Zig:26   | Noticed a dread lich
 21554 | Zig:26   | Killed a dread lich
 21564 | Zig:26   | Found the +11 plutonium sword {Contam Stlth-}
 21610 | Zig:26   | Identified the +2 great mace of the Battered People
                  | {antimagic, Will++ Int-3 SInv Stlth+}
 21626 | Zig:26   | Got Sif Muna's Directory of Direction and Contaminants
 21635 | Zig:26   | Identified the +2 mace "Vulabib" {heavy, *Rage rC+ Will++
                  | Stlth+}
 21661 | Zig:27   | Entered Level 27 of a ziggurat
 21667 | Zig:27   | Noticed a juggernaut
 21668 | Zig:27   | Noticed a juggernaut
 21669 | Zig:27   | Noticed a juggernaut
 21670 | Zig:27   | Noticed a juggernaut
 21671 | Zig:27   | Killed a juggernaut
 21672 | Zig:27   | Killed a juggernaut
 21672 | Zig:27   | Killed a juggernaut
 21673 | Zig:27   | Noticed a juggernaut
 21673 | Zig:27   | Noticed a juggernaut
 21674 | Zig:27   | Noticed a juggernaut
 21674 | Zig:27   | Killed a juggernaut
 21674 | Zig:27   | Noticed a juggernaut
 21675 | Zig:27   | Noticed a juggernaut
 21675 | Zig:27   | Killed a juggernaut
 21675 | Zig:27   | Killed a juggernaut
 21675 | Zig:27   | Killed a juggernaut
 21676 | Zig:27   | Killed a juggernaut
 21676 | Zig:27   | Noticed a juggernaut
 21677 | Zig:27   | Killed a juggernaut
 21679 | Zig:27   | Noticed a juggernaut
 21679 | Zig:27   | Killed a juggernaut
 21679 | Zig:27   | Noticed a juggernaut
 21680 | Zig:27   | Killed a juggernaut
 21681 | Zig:27   | Killed a juggernaut
 21681 | Zig:27   | Noticed a juggernaut
 21684 | Zig:27   | Killed a juggernaut
 21707 | Zig:27   | Got the Guide on the Collective Atmosphere
 21741 | Zig:27   | Identified the staff of poison "Evepteb" {rPois Will- Dex+4
                  | SInv}
 21813 | Depths:4 | You paid a toll of +2 gold dragon scales to enter a
                  | treasure trove
 21814 | Trove    | Entered a treasure trove
 21819 | Trove    | Found the +3 pair of gauntlets of War {Slay+5}
 21836 | Trove    | Identified the amulet "Gaigasus" {Reflect Dex+3 SH+5}
 21838 | Trove    | Identified the -1 buckler of Honour {rF+}
 21839 | Trove    | Identified the +3 scale mail of Okerhueg {*Corrode Regen+
                  | Str+3 SInv}
 21840 | Trove    | Identified the ring "Etyla" {rPois rF+ EV+5 Str-4 SInv}
 21894 | Zig:1    | Entered Level 1 of a ziggurat
 21909 | Zig:2    | Entered Level 2 of a ziggurat
 21940 | Zig:2    | Learned a level 9 spell: Death's Door
 21956 | Zig:3    | Entered Level 3 of a ziggurat
 21976 | Zig:4    | Entered Level 4 of a ziggurat
 22052 | Zig:5    | Entered Level 5 of a ziggurat
 22068 | Zig:5    | Identified the ring "Laixot" {Ice rPois rCorr Str-5 Dex+4}
 22073 | Zig:6    | Entered Level 6 of a ziggurat
 22075 | Zig:6    | Noticed a Killer Klown
 22075 | Zig:6    | Noticed a Killer Klown
 22076 | Zig:6    | Noticed a Killer Klown
 22076 | Zig:6    | Killed a Killer Klown
 22077 | Zig:6    | Killed a Killer Klown
 22077 | Zig:6    | Killed a Killer Klown
 22096 | Zig:6    | Identified the +4 spear "Iclotafi" {drain, Contam Int+5}
 22180 | Zig:7    | Entered Level 7 of a ziggurat
 22182 | Zig:7    | Noticed a shard shrike
 22182 | Zig:7    | Noticed a shard shrike
 22182 | Zig:7    | Noticed a shard shrike
 22184 | Zig:7    | Killed a shard shrike
 22202 | Zig:7    | Identified the staff of air "Lilybbec" {rElec Dex+4}
 22251 | Zig:8    | Entered Level 8 of a ziggurat
 22280 | Zig:8    | Identified the staff of conjuration "Zilim" {Fragile Int+8}
 22283 | Zig:8    | Identified the +8 short sword "Ida Fununn" {flame, Int+4}
 22286 | Zig:8    | Identified the ring "Cuos" {Drain rN+ rCorr Str+2}
 22292 | Zig:8    | Identified the ring "Valeta" {rElec rN+}
 22305 | Zig:9    | Entered Level 9 of a ziggurat
 22327 | Zig:9    | Identified the +1 leather armour of the Fife {+Blink rF++
                  | SInv}
 22329 | Zig:9    | Identified the staff of poison "Ebetiule" {*Slow rPois rF++
                  | Will+ Int+3}
 22340 | Zig:9    | Identified the +5 dagger of Ebriew {pain, rN+ rCorr Str-3}
 22344 | Zig:9    | Identified the +0 pair of gloves of Poumonuy {Dex+2}
 22364 | Zig:10   | Entered Level 10 of a ziggurat
 22389 | Zig:10   | Identified an amulet of the Cuttlefish {RegenMP Harm rPois
                  | Will- Int+5}
 22396 | Zig:10   | Identified the staff of conjuration "Ucaf" {+Blink rN+
                  | Str-5}
 22397 | Zig:10   | Identified the +2 plate armour "Puor" {+Inv Dex+2}
 22398 | Zig:10   | Identified the staff of air "Gatucoxo" {rElec rC+}
 22400 | Zig:10   | Identified the ring of Fixation {rF- rC+ Dex+4 Slay+4}
 22407 | Zig:10   | Identified the ring of Bubriblu {rPois rF- Str+6 Dex+5}
 22441 | Zig:11   | Entered Level 11 of a ziggurat
 22449 | Zig:11   | Noticed Mimir the pandemonium lord
 22452 | Zig:11   | Killed Mimir the pandemonium lord
 22462 | Zig:11   | Found the +7 mace of Variability {chaos, chaos arc}
 22488 | Zig:11   | Identified the +4 hand axe of Experimentation {speed, rC+}
 22524 | Zig:12   | Entered Level 12 of a ziggurat
 22550 | Zig:12   | Identified the +3 war axe of the Fool {drain, rC+ Dex+2}
 22555 | Zig:12   | Identified the +2 plate armour "Essiafro" {rF++ MP+9 Int-5
                  | Dex+2}
 22556 | Zig:12   | Identified the +9 dagger of Xom's Righteous Fury {drain,
                  | Fly}
 22557 | Zig:12   | Identified the +2 cloak of Afargheb {MP+9 Str+3 Dex+4}
 22648 | Zig:13   | Entered Level 13 of a ziggurat
 22683 | Zig:13   | Identified the +0 chain mail "Kowkidgh" {*Slow Slay+5}
 22692 | Zig:13   | Identified the +5 whip of Hypumij {holy, rF+ MP+9 Str+2}
 22725 | Zig:14   | Entered Level 14 of a ziggurat
 22725 | Zig:14   | Noticed a dread lich
 22730 | Zig:14   | Killed a dread lich
 22731 | Zig:14   | Noticed a caustic shrike
 22734 | Zig:14   | Killed a caustic shrike
 22739 | Zig:14   | Noticed a caustic shrike
 22741 | Zig:14   | Killed a caustic shrike
 22755 | Zig:14   | Identified the +6 shortbow "Eqyemamp" {elec, rElec Str+5}
 22766 | Zig:14   | Identified the +7 mace "Tesmadde" {elec, Str+3 Int+6}
 22778 | Zig:14   | Identified an amulet of Xafix {RegenMP rF+ Dex+4}
 22809 | Zig:15   | Entered Level 15 of a ziggurat
 22833 | Zig:15   | Found the +10 dark maul {heavy}
 22844 | Zig:15   | Identified the +0 cloak of Sin {Will+++}
 22846 | Zig:15   | Identified the ring of the Hippo {rCorr Str+3 Int-2}
 22872 | Zig:15   | Identified the staff of fire "Cede" {rF+ Str+6}
 22900 | Zig:16   | Entered Level 16 of a ziggurat
 22960 | Zig:16   | Identified the amulet of Tomorrow {Spirit rC+ rN+ Regen+}
 22962 | Zig:16   | Identified the +9 shortbow "Kulepuc" {freeze, rN+ Int+4}
 22964 | Zig:16   | Identified the +6 dagger of Woe {freeze, rElec}
 22967 | Zig:16   | Identified the ring of Kuch {Contam rF+ rC+++ rCorr Str-5}
 22971 | Zig:16   | Identified the staff of death "Viyl" {rElec rF- rN+ Dex+4}
 22977 | Zig:16   | Identified the staff of death "Dasaumoi" {*Corrode +Blink
                  | rPois rC+ rN+}
 22978 | Zig:16   | Identified the staff of death "Saki" {rF+ rN+ Int+3}
 22989 | Zig:16   | Identified the +5 flail "Qaegaja" {flame, Str+5}
 23015 | Zig:17   | Entered Level 17 of a ziggurat
 23031 | Zig:17   | Paralysed by an air elemental for 1 turns
 23047 | Zig:17   | Found the +11 Singing Sword {sonic wave}
 23064 | Zig:17   | Got the Dissertation on the Morbid Sixfirhy
 23065 | Zig:17   | Identified the staff of death "Neado" {rElec rN+}
 23067 | Zig:17   | Identified the +8 flail of Qoidon {elec, rElec rF+++ Str-3
                  | Dex+2}
 23070 | Zig:17   | Identified the +4 buckler "Xesoit" {Will+}
 23081 | Zig:17   | Identified the ring "Jyaskih" {Will++ Dex+6}
 23109 | Zig:18   | Entered Level 18 of a ziggurat
 23118 | Zig:18   | Noticed Nozuphau the pandemonium lord
 23120 | Zig:18   | Noticed a Killer Klown
 23121 | Zig:18   | Killed Nozuphau the pandemonium lord
 23123 | Zig:18   | Noticed Etwe Sodgh the pandemonium lord
 23123 | Zig:18   | Noticed a Killer Klown
 23123 | Zig:18   | Noticed a Killer Klown
 23125 | Zig:18   | Noticed a Killer Klown
 23126 | Zig:18   | Killed Etwe Sodgh the pandemonium lord
 23126 | Zig:18   | Noticed a Killer Klown
 23126 | Zig:18   | Noticed Ciedoi the pandemonium lord
 23127 | Zig:18   | Killed a Killer Klown
 23127 | Zig:18   | Killed a Killer Klown
 23127 | Zig:18   | Killed a Killer Klown
 23127 | Zig:18   | Noticed Kealeis the pandemonium lord
 23127 | Zig:18   | Noticed Huoqum the pandemonium lord
 23127 | Zig:18   | Noticed Kazxorch the pandemonium lord
 23127 | Zig:18   | Noticed Mabitoew the pandemonium lord
 23128 | Zig:18   | Killed a Killer Klown
 23128 | Zig:18   | Noticed a Killer Klown
 23128 | Zig:18   | Noticed a Killer Klown
 23128 | Zig:18   | Noticed Picsiyf the pandemonium lord
 23134 | Zig:18   | Killed a Killer Klown
 23135 | Zig:18   | Killed Kealeis the pandemonium lord
 23136 | Zig:18   | Killed Mabitoew the pandemonium lord
 23136 | Zig:18   | Killed Huoqum the pandemonium lord
 23136 | Zig:18   | Killed a Killer Klown
 23136 | Zig:18   | Killed a Killer Klown
 23138 | Zig:18   | Killed Kazxorch the pandemonium lord
 23138 | Zig:18   | Killed a Killer Klown
 23139 | Zig:18   | Killed Ciedoi the pandemonium lord
 23140 | Zig:18   | Killed Picsiyf the pandemonium lord
 23143 | Zig:18   | Noticed Ehiudios the pandemonium lord
 23143 | Zig:18   | Noticed a Killer Klown
 23143 | Zig:18   | Noticed Sentyo the pandemonium lord
 23145 | Zig:18   | Killed a Killer Klown
 23147 | Zig:18   | Killed Sentyo the pandemonium lord
 23148 | Zig:18   | Killed Ehiudios the pandemonium lord
 23151 | Zig:18   | Noticed Fingosa the pandemonium lord
 23153 | Zig:18   | Killed Fagymixt the pandemonium lord
 23155 | Zig:18   | Killed Fingosa the pandemonium lord
 23233 | Zig:19   | Entered Level 19 of a ziggurat
 23300 | Zig:19   | Identified the +0 spear "Dragon's Tongue" {heavy, Will-
                  | MP+9 Stlth+}
 23325 | Zig:19   | Identified the +11 dagger of the Voracious God {pain, rElec
                  | Will+ Str+3}
 23326 | Zig:19   | Identified the +1 leather armour "Ganafame" {rC+ rN+ Str+3
                  | Dex-4}
 23331 | Zig:19   | Identified the +8 war axe "Testudinebane" {freeze, rF++ rC+
                  | Str+2 Stlth+}
 23357 | Zig:20   | Entered Level 20 of a ziggurat
 23374 | Zig:20   | Reached skill level 27 in Conjurations
 23385 | Zig:20   | Reached skill level 10 in Armour
 23444 | Zig:20   | Found the +27 heavy crossbow "Sniper" {heavy, Acc+∞ SInv}
 23449 | Zig:20   | Identified an amulet of Yloavub {RegenMP rC+ Dex+4}
 23454 | Zig:20   | Identified the +4 morningstar of Zamis {vamp, rN+}
 23470 | Zig:20   | Identified the ring "Zenuysei" {rCorr Str+6}
 23482 | Zig:20   | Got Nukapsut's Vellum of Excruciating Conflagration
 23484 | Zig:20   | Identified the staff of fire "Ceuheg Doel" {rF+ rC- Str+6}
 23518 | Zig:21   | Entered Level 21 of a ziggurat
 23598 | Zig:21   | Found the +5 glaive of the Guard {elec, spectral, AC+5}
 23604 | Zig:21   | Identified the +9 shortbow "Virepemn" {elec, rC+ rN+ Str+3
                  | Dex-3}
 23611 | Zig:21   | Identified the staff of conjuration "Luefok" {rF+}
 23614 | Zig:21   | Identified the +3 leather armour of Woudihie {rPois Str-4
                  | Int+4}
 23615 | Zig:21   | Identified the staff of earth "Mifreire" {rN+}
 23626 | Zig:21   | Got Inlaegad's Directory of the Mesa
 23645 | Zig:22   | Entered Level 22 of a ziggurat
 23715 | Zig:22   | Identified the +1 rapier "Qean" {holy, rElec rC+}
 23716 | Zig:22   | Identified the ring of Byshriuch {Wiz rF+ Dex+4 Stlth+}
 23737 | Zig:22   | Identified the +7 ring mail of the Vaults {Harm +Blink
                  | Stlth+}
 23741 | Zig:22   | Identified the +0 pair of boots of Sunlight {rPois rF+
                  | Str+2 Dex+5}
 23784 | Zig:23   | Entered Level 23 of a ziggurat
 23813 | Zig:23   | Reached skill level 15 in Armour
 23842 | Zig:23   | Found the +3 giant club "Skullcrusher" {speed, Str+7}
 23848 | Zig:23   | Identified the +0 plate armour "Lirax" {rC+ rN+ Slay+3
                  | Stlth-}
 23909 | Zig:24   | Entered Level 24 of a ziggurat
 23925 | Zig:24   | Noticed Marixus's ghost (legendary DDFi)
 23929 | Zig:24   | Noticed Rirumasy's ghost (legendary OpWn)
 23930 | Zig:24   | Noticed Fueng's ghost (legendary HOFi)
 23932 | Zig:24   | Killed Rirumasy's ghost
 23933 | Zig:24   | Killed Marixus's ghost
 23934 | Zig:24   | Noticed a curse toe
 23936 | Zig:24   | Killed Fueng's ghost
 23936 | Zig:24   | Killed a curse toe
 23936 | Zig:24   | Noticed Xatwola's ghost (legendary DDFi)
 23936 | Zig:24   | Noticed Xatwola's ghost (legendary DDFi)
 23939 | Zig:24   | Noticed WeeknightWizard's ghost (veteran DEFE)
 23939 | Zig:24   | Noticed Motirgh's ghost (legendary DgHW)
 23940 | Zig:24   | Killed Xatwola's ghost
 23941 | Zig:24   | Killed WeeknightWizard's ghost
 23941 | Zig:24   | Noticed Viocziel's ghost (adept TrMo)
 23941 | Zig:24   | Noticed GlasyaLabolas's ghost (legendary MiFi)
 23942 | Zig:24   | Killed Viocziel's ghost
 23944 | Zig:24   | Killed Xatwola's ghost
 23944 | Zig:24   | Noticed Qeilemp's ghost (legendary HOFi)
 23946 | Zig:24   | Killed GlasyaLabolas's ghost
 23949 | Zig:24   | Killed Qeilemp's ghost
 23949 | Zig:24   | Killed Motirgh's ghost
 23952 | Zig:24   | Noticed Vuopse's ghost (legendary GnIE)
 23953 | Zig:24   | Noticed Becvyf's ghost (legendary GnFi)
 23953 | Zig:24   | Noticed Qupubruts's ghost (master HOFi)
 23953 | Zig:24   | Noticed Marixus's ghost (legendary DDFi)
 23957 | Zig:24   | Killed yaoilover's ghost
 23958 | Zig:24   | Killed Qupubruts's ghost
 23958 | Zig:24   | Noticed Kalug's ghost (legendary DrFi)
 23959 | Zig:24   | Killed Kalug's ghost
 23959 | Zig:24   | Killed Marixus's ghost
 23960 | Zig:24   | Killed Vuopse's ghost
 23961 | Zig:24   | Killed Becvyf's ghost
 23961 | Zig:24   | Noticed a curse toe
 23962 | Zig:24   | Killed a curse toe
 23962 | Zig:24   | Killed a curse toe
 23994 | Zig:24   | Got the Textbook on Quantum Guile
 23995 | Zig:24   | Identified the +9 dagger "Naoz" {flame, rC+ Int+3}
 23996 | Zig:24   | Identified the +6 spear "Lorialaoji" {heavy, Str+2 Dex+2}
 24016 | Zig:24   | Reached skill level 27 in Fighting
 24021 | Zig:24   | Identified the +0 plate armour "Sute" {-Tele Harm rElec
                  | Slay+2}
 24060 | Zig:25   | Entered Level 25 of a ziggurat
 24086 | Zig:25   | Reached skill level 10 in Shields
 24127 | Zig:25   | Identified the ring "Elushrao" {rF+ Int-3 Dex+4 Slay+3}
 24137 | Zig:25   | Identified the +0 helmet of Starshine {*Slow rC++ rN+
                  | Int+5}
 24138 | Zig:25   | Identified the +6 mace "Guong" {elec, Int+4}
 24141 | Zig:25   | Identified the +10 plate armour of Riaphuth {Will+}
 24156 | Zig:25   | Identified the +0 pair of gloves of Mipt {*Slow rN+++ Str+4
                  | SInv}
 24188 | Zig:26   | Entered Level 26 of a ziggurat
 24225 | Zig:26   | Reached skill level 15 in Shields
 24323 | Zig:26   | Found the +2 cloak of the Thief {*Fog Slay-2 SInv Stlth+}
 24329 | Zig:26   | Identified the +7 hand axe of Istusem {elec, rF+ rCorr
                  | Str+4 Stlth-}
 24335 | Zig:26   | Got the Textbook on Loathsome Transfiguration
 24351 | Zig:26   | Got the Lessons on Metal and the Panacea
 24355 | Zig:26   | Identified the +6 quarterstaff of Cusi {speed, rF++ rN+
                  | Dex+3}
 24358 | Zig:26   | Identified the amulet of Orogemap {Spirit rF- Regen+ rCorr
                  | Int+3}
 24359 | Zig:26   | Identified the +5 scale mail of Instinct {Str+3}
 24362 | Zig:26   | Identified the +1 robe "Usaragha" {Rampage *Slow rElec
                  | rPois}
 24392 | Zig:27   | Entered Level 27 of a ziggurat
 24422 | Zig:27   | Reached skill level 27 in Dodging
 24422 | Zig:27   | Noticed Rituahaf the pandemonium lord
 24425 | Zig:27   | Killed Rituahaf the pandemonium lord
 24463 | Zig:27   | Found the +5 scythe "Finisher" {speed, execute}
 24465 | Zig:27   | Found the +7 great mace "Firestarter" {flame, immolate,
                  | rFlCloud rF++}
 24474 | Zig:27   | Got Ofiur's Omnibus of Transmutation
 24480 | Zig:27   | Identified the +2 robe "Jahuxkusar" {Int+3}
 24495 | Zig:27   | Identified the ring "Zaquttua" {rC+ rN+ Str+3 Int-2 Slay+6}
 24513 | Zig:27   | Identified the +0 rapier of Mourning {speed, rC++ Str-3
                  | Dex+2}
 24523 | Zig:27   | Identified the ring "Giokufaor" {Ice rPois Dex+4 SInv}
 24541 | Zig:27   | Identified the +2 morningstar of the Vase {venom, rPois
                  | Str+3 Stlth+}
 24573 | Depths:4 | Lost mutation: You have supernaturally acute eyesight.
                  | (SInv) [potion of mutation]
 24573 | Depths:4 | Lost mutation: You are somewhat resistant to further
                  | mutation. [potion of mutation]
 24573 | Depths:4 | Gained mutation: You have hidden genetic potential. [potion
                  | of mutation]
 24573 | Depths:4 | Gained mutation: You occasionally lose the ability to drink
                  | potions when taking damage. [potion of mutation]
 24573 | Depths:4 | Gained mutation: You sometimes lose the ability to drink
                  | potions when taking damage. [potion of mutation]
 24573 | Depths:4 | Gained mutation: You have a pair of horns on your head.
                  | [potion of mutation]
 24574 | Depths:4 | Lost mutation: Your mind is acute. (Int +4, Str/Dex -1)
                  | [potion of mutation]
 24574 | Depths:4 | Lost mutation: You sometimes lose the ability to drink
                  | potions when taking damage. [potion of mutation]
 24574 | Depths:4 | Lost mutation: You have a pair of horns on your head.
                  | [potion of mutation]
 24574 | Depths:4 | Gained mutation: You have a pair of horns on your head.
                  | [potion of mutation]
 24575 | Depths:4 | Lost mutation: You have a pair of horns on your head.
                  | [potion of mutation]
 24575 | Depths:4 | Lost mutation: You have a pair of small horns on your head.
                  | [potion of mutation]
 24575 | Depths:4 | Gained mutation: Your magical capacity is low. (-10% MP)
                  | [potion of mutation]
 24575 | Depths:4 | Gained mutation: You are agile. (Dex +4, Str/Int -1)
                  | [potion of mutation]
 24576 | Depths:4 | Lost mutation: You have hidden genetic potential. [potion
                  | of mutation]
 24576 | Depths:4 | Lost mutation: You occasionally lose the ability to drink
                  | potions when taking damage. [potion of mutation]
 24576 | Depths:4 | Lost mutation: Your magical capacity is low. (-10% MP)
                  | [potion of mutation]
 24576 | Depths:4 | Gained mutation: Your system is resistant to poisons.
                  | (rPois) [potion of mutation]
 24576 | Depths:4 | Gained mutation: You are robust. (+10% HP) [potion of
                  | mutation]
 24576 | Depths:4 | Gained mutation: You are occasionally teleported next to
                  | monsters. [potion of mutation]
 24576 | Depths:4 | Gained mutation: You expend magic power (3 MP) to
                  | strengthen your wands. [potion of mutation]
 24577 | Depths:4 | Lost mutation: You expend magic power (3 MP) to strengthen
                  | your wands. [potion of mutation]
 24577 | Depths:4 | Lost mutation: Your system is resistant to poisons. (rPois)
                  | [potion of mutation]
 24577 | Depths:4 | Gained mutation: You are often teleported next to monsters.
                  | [potion of mutation]
 24577 | Depths:4 | Lost mutation: You are agile. (Dex +4, Str/Int -1) [potion
                  | of mutation]
 24578 | Depths:4 | Lost mutation: You are robust. (+10% HP) [potion of
                  | mutation]
 24578 | Depths:4 | Lost mutation: You are often teleported next to monsters.
                  | [potion of mutation]
 24578 | Depths:4 | Gained mutation: Your muscles are strong. (Str +4, Int/Dex
                  | -1) [potion of mutation]
 24578 | Depths:4 | Gained mutation: Your flesh is heat resistant. (rF+)
                  | [potion of mutation]
 24579 | Depths:4 | Lost mutation: You are occasionally teleported next to
                  | monsters. [potion of mutation]
 24579 | Depths:4 | Lost mutation: Your muscles are strong. (Str +4, Int/Dex
                  | -1) [potion of mutation]
 24579 | Depths:4 | Lost mutation: Your flesh is heat resistant. (rF+) [potion
                  | of mutation]
 24579 | Depths:4 | Gained mutation: You are somewhat resistant to further
                  | mutation. [potion of mutation]
 24973 | Zig:1    | Entered Level 1 of a ziggurat
 24993 | Zig:2    | Entered Level 2 of a ziggurat
 25015 | Zig:3    | Entered Level 3 of a ziggurat
 25016 | Zig:3    | Noticed Iruakk the pandemonium lord
 25019 | Zig:3    | Killed Iruakk the pandemonium lord
 25029 | Zig:3    | Identified the +4 arbalest of Uncomfortable Rashes {drain,
                  | rElec rF- Dex+4}
 25067 | Zig:4    | Entered Level 4 of a ziggurat
 25104 | Zig:5    | Entered Level 5 of a ziggurat
 25108 | Zig:5    | Noticed Ohakoukh the pandemonium lord
 25111 | Zig:5    | Killed Ohakoukh the pandemonium lord
 25141 | Zig:6    | Entered Level 6 of a ziggurat
 25186 | Zig:6    | Identified the ring "Deudiggo" {Slay+2 SInv Stlth+}
 25306 | Zig:7    | Entered Level 7 of a ziggurat
 25328 | Zig:7    | Identified the staff of cold "Soyxill" {*Corrode rPois rC+
                  | rN+ Int+4}
 25336 | Zig:7    | Identified the +4 glaive "Leviticus" {spect, Will+ Str+4}
 25341 | Zig:8    | Entered Level 8 of a ziggurat
 25346 | Zig:8    | Noticed a royal mummy
 25349 | Zig:8    | Killed a royal mummy
 25372 | Zig:8    | Identified the +10 spear "Marotig" {heavy, rElec rPois
                  | Will- SInv}
 25374 | Zig:8    | Identified the +1 pair of boots of the Turtledove {-Tele
                  | rPois rC+ Will+}
 25393 | Zig:8    | Identified the amulet of Xifuoh Sipha {Spirit Harm +Blink
                  | rElec rF-}
 25408 | Zig:9    | Entered Level 9 of a ziggurat
 25413 | Zig:9    | Noticed a royal mummy
 25415 | Zig:9    | Noticed a royal mummy
 25416 | Zig:9    | Killed a royal mummy
 25416 | Zig:9    | Noticed a royal mummy
 25417 | Zig:9    | Killed a royal mummy
 25417 | Zig:9    | Noticed a royal mummy
 25419 | Zig:9    | Killed a royal mummy
 25420 | Zig:9    | Killed a royal mummy
 25441 | Zig:9    | Identified the +0 scale mail of a wizard's laboratory {Harm
                  | Rampage Dex-2}
 25446 | Zig:9    | Identified the staff of earth "Darea" {Str+6}
 25467 | Zig:10   | Entered Level 10 of a ziggurat
 25474 | Zig:10   | Noticed a royal mummy
 25474 | Zig:10   | Noticed a royal mummy
 25477 | Zig:10   | Killed a royal mummy
 25477 | Zig:10   | Killed a royal mummy
 25478 | Zig:10   | Noticed a royal mummy
 25478 | Zig:10   | Noticed a royal mummy
 25480 | Zig:10   | Noticed a royal mummy
 25481 | Zig:10   | Killed a royal mummy
 25481 | Zig:10   | Killed a royal mummy
 25483 | Zig:10   | Killed a royal mummy
 25516 | Zig:10   | Got the Catalogue of Twinkling Black Liturgies
 25522 | Zig:11   | Entered Level 11 of a ziggurat
 25660 | Zig:12   | Entered Level 12 of a ziggurat
 25667 | Zig:12   | Noticed a juggernaut
 25671 | Zig:12   | Killed a juggernaut
 25691 | Zig:12   | Identified the +5 scale mail of the Twisting Gods {Int+7}
 25699 | Zig:12   | Identified the ring of Dissent {rPois rC+ MP+9 Str+3
                  | Slay-2}
 25700 | Zig:12   | Identified the ring of the Jumping Gods {Int+3 Slay+4}
 25703 | Zig:12   | Identified the +6 rapier "Lewkiw" {pain, +Blink rN+++ Int-5
                  | SInv}
 25705 | Zig:12   | Got Sif Muna's Atlas of Cleavage
 25707 | Zig:12   | Identified the staff of fire "Iwoleahi" {+Blink rF+ rN+
                  | Str+3}
 25711 | Zig:12   | Got the Handbook of the Atmosphere and Accompaniment
 25714 | Zig:12   | Identified the staff of poison "Cisir" {Fragile rPois Str+3
                  | Int+5}
 25727 | Zig:13   | Entered Level 13 of a ziggurat
 25768 | Zig:13   | Identified the +8 great sword of Ruomm {elec, Drain Int-2
                  | Dex+8 Stlth+}
 25771 | Zig:13   | Identified the +3 long sword "Leriyxko" {heavy, *Corrode
                  | rC++ Dex+3}
 25773 | Zig:13   | Identified the +7 shortbow of Severance {elec, rCorr SInv}
 25809 | Zig:14   | Entered Level 14 of a ziggurat
 25815 | Zig:14   | Noticed a caustic shrike
 25816 | Zig:14   | Noticed a caustic shrike
 25817 | Zig:14   | Killed a caustic shrike
 25817 | Zig:14   | Noticed a caustic shrike
 25818 | Zig:14   | Killed a caustic shrike
 25819 | Zig:14   | Killed a caustic shrike
 25819 | Zig:14   | Noticed a caustic shrike
 25822 | Zig:14   | Killed a caustic shrike
 25822 | Zig:14   | Noticed a caustic shrike
 25823 | Zig:14   | Noticed a caustic shrike
 25824 | Zig:14   | Killed a caustic shrike
 25825 | Zig:14   | Killed a caustic shrike
 25841 | Zig:14   | Found the +8 storm bow {elec, penet}
 25843 | Zig:14   | Reached skill level 27 in Armour
 25850 | Zig:14   | Identified the +10 rapier "Kyong" {holy, Str+3}
 25872 | Zig:14   | Got the Anthology of the Alphagorgon
 25891 | Zig:14   | Identified the staff of conjuration "Juodutam" {*Slow
                  | Int+5}
 25900 | Zig:15   | Entered Level 15 of a ziggurat
 25915 | Zig:15   | Reached skill level 27 in Shields
 25915 | Zig:15   | Noticed Hohanlui the pandemonium lord
 25917 | Zig:15   | Reached skill level 5 in Ranged Weapons
 25917 | Zig:15   | Killed Hohanlui the pandemonium lord
 25923 | Zig:15   | Reached skill level 10 in Ranged Weapons
 25973 | Zig:15   | Identified the +4 short sword "Jellybane" {flame, rElec
                  | Dex+4}
 25986 | Zig:15   | Got the Volume of Debased Deeds
 25992 | Zig:16   | Entered Level 16 of a ziggurat
 26014 | Zig:16   | Reached skill level 15 in Ranged Weapons
 26068 | Zig:16   | Identified the staff of conjuration "Diecvog" {Will++
                  | Int+5}
 26083 | Zig:16   | Identified the ring of Lesser Demons {Will+ AC+4}
 26109 | Zig:17   | Entered Level 17 of a ziggurat
 26150 | Zig:17   | Identified the ring "Jeodoen" {rPois rC+}
 26155 | Zig:17   | Identified the +3 long sword of the Unstoppable Quests
                  | {venom, Contam rElec Dex+3}
 26165 | Zig:17   | Got the Vellum of the Red-Hot Xenotype
 26170 | Zig:17   | Identified the staff of conjuration "Ilazogib" {*Slow Str+7
                  | Int+6}
 26193 | Zig:18   | Entered Level 18 of a ziggurat
 26217 | Zig:18   | Noticed a juggernaut
 26220 | Zig:18   | Killed a juggernaut
 26221 | Zig:18   | Noticed a juggernaut
 26224 | Zig:18   | Killed a juggernaut
 26255 | Zig:18   | Identified the ring "Luori" {rN+ Will+ MP+9}
 26272 | Zig:18   | Identified the +0 falchion "Bucoitina" {elec, Will+ Int+6}
 26280 | Zig:18   | Got the Atlas of Triumph
 26290 | Zig:19   | Entered Level 19 of a ziggurat
 26294 | Zig:19   | Noticed a dread lich
 26301 | Zig:19   | Killed a dread lich
 26511 | Zig:19   | Found the +16 obsidian axe {drain, demonic, Mesm Drain Fly
                  | SInv}
 26515 | Zig:19   | Identified the ring "Aqugoe" {Wiz Str+4}
 26538 | Zig:19   | Identified the staff of air "Eminyucw" {rElec Str+6}
 26556 | Zig:19   | Identified the amulet "Pokk" {Faith rF+ Dex+4}
 26570 | Zig:20   | Entered Level 20 of a ziggurat
 26588 | Zig:20   | Paralysed by an air elemental for 1 turns
 26603 | Zig:20   | Paralysed by an air elemental for 1 turns
 26626 | Zig:20   | Identified the +0 ring mail "Tainuen" {*Slow rN+ Regen+
                  | SInv}
 26629 | Zig:20   | Identified the staff of cold "Plog" {rC+ rN+ Int+5}
 26637 | Zig:20   | Identified the +9 broad axe of the Inferno {freeze, rPois}
 26640 | Zig:20   | Identified the staff of earth "Tapisk" {Int+3}
 26647 | Zig:20   | Identified the +11 hand axe of Umywuafo {drain, Dex+2}
 26653 | Zig:20   | Got Sif Muna's Compilation of Shapeshifting
 26666 | Zig:20   | Reached skill level 27 in Ranged Weapons
 26672 | Zig:21   | Entered Level 21 of a ziggurat
 26693 | Zig:21   | Noticed a dread lich
 26695 | Zig:21   | Killed a dread lich
 26700 | Zig:21   | Noticed a dread lich
 26701 | Zig:21   | Noticed a dread lich
 26702 | Zig:21   | Killed a dread lich
 26704 | Zig:21   | Killed a dread lich
 26711 | Zig:21   | Noticed an ancient lich
 26714 | Zig:21   | Killed an ancient lich
 26726 | Zig:21   | Found the ring of the Mage {Wiz Archmagi}
 26728 | Zig:21   | Found the amulet of the Four Winds {rN+ Will+++ Clar}
 26735 | Zig:21   | Identified the amulet of the Aged Beasts {Faith Harm
                  | Rampage Int-4 Stlth+}
 26739 | Zig:21   | Identified the staff of earth "Temupeb" {Fly rC+}
 26742 | Zig:21   | Identified the +3 plate armour "Sytum" {*Slow rCorr Str+9
                  | Dex-2}
 26764 | Zig:21   | Identified the staff of air "Derra" {rElec rF+ Str+2}
 26787 | Zig:21   | Identified the staff of earth "Qadelis" {Int+5}
 26796 | Zig:21   | Acquired a manual of Unarmed Combat
 26798 | Zig:21   | Acquired a manual of Stealth
 26806 | Zig:22   | Entered Level 22 of a ziggurat
 26887 | Zig:22   | Identified the ring of Doubts {Ice Drain Dex+6}
 26905 | Zig:22   | Got Yffysm's Guidebook on Kinetic Energy and Combustion
 26912 | Zig:22   | Identified the amulet of Poylaot {Acrobat Drain +Inv Int+5
                  | Slay+3}
 26924 | Zig:23   | Entered Level 23 of a ziggurat
 26934 | Zig:23   | Noticed a shard shrike
 26934 | Zig:23   | Noticed a shard shrike
 26935 | Zig:23   | Noticed a shard shrike
 26936 | Zig:23   | Killed a shard shrike
 26937 | Zig:23   | Killed a shard shrike
 26938 | Zig:23   | Killed a shard shrike
 26938 | Zig:23   | Killed a shard shrike
 26940 | Zig:23   | Killed a shard shrike
 26942 | Zig:23   | Noticed a shard shrike
 26943 | Zig:23   | Killed a shard shrike
 26957 | Zig:23   | Noticed a shard shrike
 26959 | Zig:23   | Killed a shard shrike
 26960 | Zig:23   | Noticed a shard shrike
 26962 | Zig:23   | Killed a shard shrike
 26967 | Zig:23   | Noticed a shard shrike
 26968 | Zig:23   | Killed a shard shrike
 26973 | Zig:23   | Noticed a shard shrike
 26982 | Zig:23   | Noticed a shard shrike
 26983 | Zig:23   | Killed a shard shrike
 26984 | Zig:23   | Killed a shard shrike
 27008 | Zig:23   | Found the +9 staff of Olgreb {rPois∞}
 27011 | Zig:23   | Found the +8 lance "Wyrmbane" {slay drac, rPois rF+ rC+
                  | AC+3}
 27011 | Zig:23   | Found the +8 mithril axe "Arga" {speed, Will+}
 27036 | Zig:23   | Reached skill level 27 in Earth Magic
 27058 | Zig:23   | Reached skill level 27 in Air Magic
 27076 | Zig:23   | Identified the +1 quarterstaff "Cuyghauj" {antimagic, Fly
                  | rC+ rN++ Will-}
 27079 | Zig:23   | Identified the amulet "Teihuukh" {Harm Will- Regen+ Int+6}
 27105 | Zig:24   | Entered Level 24 of a ziggurat
 27118 | Zig:24   | Noticed Taov Gow the pandemonium lord
 27119 | Zig:24   | Noticed Zafridai the pandemonium lord
 27120 | Zig:24   | Noticed Puhaoma the pandemonium lord
 27120 | Zig:24   | Noticed Eddunen the pandemonium lord
 27122 | Zig:24   | Killed Taov Gow the pandemonium lord
 27122 | Zig:24   | Noticed Kadoaguol the pandemonium lord
 27123 | Zig:24   | Reached skill level 1 in Evocations
 27123 | Zig:24   | Killed Zafridai the pandemonium lord
 27125 | Zig:24   | Killed Eddunen the pandemonium lord
 27135 | Zig:24   | Noticed Sioqeyk the pandemonium lord
 27141 | Zig:24   | Killed from afar by Puhaoma the pandemonium lord

Illustrated notes

Levels and vault maps discovered:
D:1:      dpeg_arrival_ternary, layout_rooms, chequers_serial_rivers_room_b
D:2:      layout_loops_ring, serial_shops, nicolae_shop_pleasant_corner_grove,
          hex_medium, grunt_ministairs_6, uniq_crazy_yiuf_cottage, uniq_robin
D:3:      layout_basic, ashenzari_altar_1, nicolae_ecumenical_lake_church,
          uniq_grinder
D:4:      layout_gridville, minmay_temple_entry_from_below_a, serial_undead,
          serial_undead_a, serial_undead_b, serial_undead_f, serial_undead_f,
          serial_undead_d, serial_undead_f, hex_tiny
D:5:      layout_loops_corners, okawaru_altar_gauntlet_db
D:6:      layout_basic, cheibrodos_sewer_entry_drain
D:7:      layout_cave_pods, kennysheep_cross_bottleneck
D:8:      layout_loops_ring, nicolae_elyvilon_peaceful_grove, wad_dig_loot,
          uniq_joseph
D:9:      layout_irregular_city, nicolae_vehumet_radiance
D:10:     layout_roguey, gammafunk_temple_overflow_forgotten, erik_lair_island,
          serial_shops, shop, chequers_serial_rivers_small_a, minivault_8
D:11:     layout_roguey, zombieorc2_lemuel, kennysheep_generic_room_9
D:12:     cheibrodos_quadrivalence, layout_grid_maze, serial_shops, shop,
          roderic_st_hans_cross, uniq_erolcha, uniq_snorg
D:13:     layout_basic, gammafunk_ghost_nasty_kobolds, roderic_batcave,
          nicolae_qazlal_general_emergency
D:14:     layout_cave_pools, erik_vaults_2, kennysheep_minor_cross
D:15:     grunt_enter_depths_hoard, layout_irregular_city, uniq_roxanne
Temple:   regret_index_temple_waves
Lair:1:   layout_cave_pods, grunt_megastairs_4
Lair:2:   layout_chaotic_city, minmay_swamp_entry_worms,
          spider_nest_entry_web_field, st_stairs_13
Lair:3:   minmay_lair_oklob_chamber, layout_cellular_growth, grunt_megastairs_3,
          lemuel_fruit_fields, uniq_rupert
Lair:4:   layout_regular_city, chequers_serial_rivers_micro_d,
          hangedman_tree_tricks, worms_lemuel, infiniplex_staircase_pool
Lair:5:   hellmonk_lair_end_abyssal_woods, layout_regular_city,
          dpeg_slime_entry_enclosed
Swamp:1:  cheibrodos_swamp_tower_of_moss, layout_basic_swamp,
          hangedman_swamp_blocks
Swamp:2:  layout_falls_marsh, evilmike_swamp_ruin_house_2, uniq_nikola,
          uniq_louise
Swamp:3:  layout_basic_swamp, evilmike_swamp_ruin_house_4,
          infiniplex_staircase_pool_2
Swamp:4:  swamp_old_school, layout_basic_swamp
Spider:1: layout_spider_delve, nicolae_spider_circle_web, uniq_jorgrun
Spider:2: cheibrodos_spider_deadly_dance, ebering_ghost_disaster_area,
          nicolae_spider_wall_of_niches
Spider:3: layout_spider_delve, uniq_asterion
Spider:4: grunt_spider_rune_circles, hangedman_stitches_earthworm
Slime:1:  layout_caves
Slime:2:  layout_caves
Slime:3:  layout_caves, nicolae_slime_barrier,
          cheibrodos_slime_lost_civilization_4
Slime:4:  cheibrodos_slime_lost_civilization_3, layout_caves
Slime:5
Orc:1:    layout_caves, uniq_josephine
Orc:2:    st_orc_town, layout_diamond_mine, guppyfry_orc_lava_fort
Elf:1:    layout_gridlike, serial_glass, glass_columns_a, glass_columns_a,
          minivault_28, uniq_kirke, uniq_donald
Elf:2:    elven_hall_of_blades_hangedman_original
          [nicolae_blade_entry_antechamber], layout_onion_city,
          portal_desolation_entry_nicolae_slug, glass_columns_a
Elf:3:    minmay_elf_hall_curves, layout_geoelf_octagon
Vaults:1: nicolae_vaults_network_quinsquares
          [nicolae_vaults_network_quincunx_subvault,
          nicolae_vaults_network_quincunx_subvault,
          nicolae_vaults_network_quincunx_subvault,
          nicolae_vaults_network_quincunx_subvault],
          nicolae_vaults_holding_cells, nicolae_vaults_heart-shaped_vault,
          nicolae_vaults_double_plus_2, nicolae_vaults_little_squares_5,
          ontoclasm_vaults_eye, layout_vaults_omnigrid, uniq_zenata
Vaults:2: nicolae_vaults_trapezoid_lopsided_2, ontoclasm_vaults_tryst,
          minmay_crypt_entry_simple_corners,
          nicolae_vaults_trapezoid_lopsided_1, vaults_room_pools, v_pattern_5,
          hangedman_vaults_corner, v_misc_27, nicolae_vaults_tetromino_Z_1,
          nicolae_vaults_tetromino_T_2, layout_vaults_big_cross, uniq_xtahua
Vaults:3: grunt_vaults_swirl, vaults_dpeg_diagonal,
          vaults_standard_mumra_enter_the_diamond, nicolae_vaults_house_2,
          nicolae_vaults_trapezoid_4, nicolae_vaults_apartment_1, v_misc_25,
          nicolae_vaults_sealed_display, st_lattice,
          nicolae_vaults_storage_closets_1, ontoclasm_vaults_ring_square,
          ontoclasm_vaults_hangar, v_misc_19, v_misc_4,
          nicolae_vaults_closet_pinwheel_1, layout_vaults_omnibox, serial_shops,
          shop_scrolls, uniq_margery, uniq_aizul, uniq_sojobo
Vaults:4: nicolae_vaults_diamond_2, nicolae_vaults_storing_the_good_stuff,
          v_misc_33, nicolae_vaults_bisected_slash,
          nicolae_vaults_oval_intersection, v_alt_pattern_3,
          nicolae_vaults_stepped_doors, grunt_vaults_hallway_long,
          nicolae_vaults_taking_the_gang_shopping, v_rooms_4,
          nicolae_vaults_doubleplus_tesselated, nicolae_vaults_specimen_jars,
          layout_vaults_maze_snakey
Vaults:5: uniq_boris, uniq_bai_suzhen
Depths:1: layout_basic, abyss_entry, nicolae_hell_entry_big_baal_hell,
          nicolae_dithmenos_through_a_glass_darkly,
          roderic_lattice_octagonal_star
Depths:2: minmay_the_grid_triangle_9x9_rhombus_thin
          [minmay_the_grid_triangle_9x9_flanged_cone,
          minmay_the_grid_triangle_9x9_prize_schism,
          minmay_the_grid_triangle_9x9_from_above,
          minmay_the_grid_triangle_9x9_skeleton], layout_cave_pools,
          grunt_pan_entry_spiral, marbit_kobold_abyss_entry,
          grunt_hell_entry_dis_old, infiniplex_staircase_zigzag_4
Depths:3: minmay_triangles_in_corner, layout_cave_pools,
          serial_co_window_serial, co_window_of_opportunity_a,
          co_window_paths_a, co_window_of_opportunity_a, co_window_paths_a,
          co_window_corner_a, co_window_corner_a, co_window_cross_1,
          co_window_broadway_a, co_window_of_opportunity_b,
          co_window_of_opportunity_b, glass_columns_c, glass_columns_a,
          glass_columns_a, glass_columns_a, pan_entry, pf_hell_entry_tar_river,
          abyss_entry, minivault_16, fedhas_altar_1
Depths:4: evilmike_zot_entry_gauntlet, layout_basic, enter_ziggurat_f,
          hellmonk_bongcloud_opening, abyss_entry, rand_demon_pan_entry_5,
          pf_vacation_house_of_asmodeus, enter_trove_1
Zot:1:    layout_concentric_octagons
Zot:2:    layout_gridlike, uniq_grunn, uniq_vv
Zot:3:    hangedman_zot_vaults_quadrants, layout_concentric_octagons
Zot:4:    layout_gridlike, grunt_megastairs_1
Zot:5:    layout_basic, hangedman_zot_decor_unnerving_road, bh_zot_ikea_curve,
          st_stairs_2, nicolae_lava_and_water
Zig:24:   ziggurat_pillar_centre_c, ziggurat_pillar_centre_c,
          ziggurat_pillar_centre_c, ziggurat_pillar_centre_c

Skill      XL: |  1  2  3  4  5  6  7  8  9 10 11 12 13 14 15 16 17 18 19 20 21 22 23 24 25 26 27 |
---------------+----------------------------------------------------------------------------------+-----
Spellcasting   | 3 4 5 6 7 10 12 13 14 16 17 19 20 21 22 24 25 27 | 27.0
Conjurations   | 5 6 7 8 10 12 13 15 16 17 18 19 20 21 27 | 27.0
Hexes          | 2 3 |  3.0
Translocations | 3 |  3.0
Fighting       | 2 3 5 6 7 8 10 27 | 27.0
Fire Magic     | 8 11 13 14 15 16 17 19 20 23 | 23.9
Dodging        | 6 7 9 10 27 | 27.0
Armour         | 3 6 27 | 27.0
Ice Magic      | 3 6 8 9 24 | 24.0
Summonings     | 4 |  4.0
Earth Magic    | 6 12 16 21 23 27 | 27.0
Necromancy     | 3 7 11 26 | 26.3
Transmutations | 4 8 12 16 | 16.0
Air Magic      | 27 | 27.0
Shields        | 27 | 27.0
Ranged Weapons | 27 | 27.0
Evocations     | 3 |  3.4
Stealth        | |  1.4

Action                     |  1- 3 |  4- 6 |  7- 9 | 10-12 | 13-15 | 16-18 | 19-21 | 22-24 | 25-27 || total
---------------------------+-------+-------+-------+-------+-------+-------+-------+-------+-------++-------
  Melee: Unarmed           |     9 |     1 |       |       |       |       |       |       |       ||    10
         Punch             |     1 |       |       |     1 |     2 |       |       |       |       ||     4
         Dagger            |       |    16 |    18 |    36 |    57 |    22 |       |       |       ||   149
         Broad axe         |       |       |       |       |       |     5 |       |       |       ||     5
         Trident           |       |       |       |       |       |     1 |     4 |       |       ||     5
         Staff             |       |       |       |       |       |       |       |     8 |    10 ||    18
  Throw: Javelin           |       |       |       |       |       |       |       |       |     5 ||     5
   Cast: Magic Dart        |    24 |    18 |    23 |     1 |       |       |       |       |       ||    66
         Searing Ray       |     4 |     5 |    51 |    27 |    11 |     2 |       |       |       ||   100
         Fulminant Prism   |       |     1 |    17 |    34 |    18 |     6 |       |       |       ||    76
         Iskenderun's Myst |       |     1 |     6 |    18 |    10 |    16 |    17 |       |     2 ||    70
         Fireball          |       |       |       |    63 |   136 |   248 |   202 |   130 |   105 ||   884
         Starburst         |       |       |       |     5 |    82 |    29 |    22 |    21 |    13 ||   172
         Freezing Cloud    |       |       |       |       |     2 |     2 |     2 |     2 |       ||     8
         Ozocubu's Refrige |       |       |       |       |       |     1 |       |    16 |    14 ||    31
         Spellforged Servi |       |       |       |       |       |     1 |       |       |       ||     1
         Ignition          |       |       |       |       |       |       |   115 |   125 |    78 ||   318
         Iron Shot         |       |       |       |       |       |       |    26 |    57 |   121 ||   204
         Shatter           |       |       |       |       |       |       |       |       |   720 ||   720
         Chain Lightning   |       |       |       |       |       |       |       |       |   162 ||   162
         Fire Storm        |       |       |       |       |       |       |       |       |   148 ||   148
         Necromutation     |       |       |       |       |       |       |       |       |    71 ||    71
         Sublimation of Bl |       |       |       |       |       |       |       |       |     5 ||     5
         Polar Vortex      |       |       |       |       |       |       |       |       |     5 ||     5
Ability: End Transformatio |       |       |       |       |       |       |       |       |    24 ||    24
         Evoke Blink       |       |       |       |       |       |       |       |       |     3 ||     3
  Evoke: Wand              |       |       |       |       |       |       |     3 |       |       ||     3
         Figurine of a zig |       |       |       |       |       |       |       |       |     2 ||     2
    Use: Scroll            |       |     3 |     9 |    15 |       |     5 |     3 |     9 |    26 ||    70
         Potion            |       |       |       |       |       |     1 |     2 |     4 |    57 ||    64
 Armour: Robe              |     6 |     2 |    33 |    47 |       |    21 |    37 |    13 |   124 ||   283
         Troll leather arm |       |       |       |    21 |    79 |     9 |       |       |       ||   109
  Dodge: Dodged            |    14 |    16 |    41 |    61 |    95 |    55 |    56 |    55 |   234 ||   627
         Repelled          |       |       |       |       |       |       |     1 |     1 |     1 ||     3
  Block: Orb               |       |       |       |       |       |       |       |       |    28 ||    28
         Reflection        |       |       |       |       |       |       |       |       |     7 ||     7
